 Dungeon Crawl Stone Soup version 0.32-a0-131-g9dbbe29261 (webtiles) character file.

Game seed: 11718024241034563140

55152367 iamserjio the Slayer (level 27, 204/204 HPs)
             Began as a Tengu Monk on Feb 3, 2024.
             Was the Champion of Cheibriados.
             Escaped with the Orb
             ... and 15 runes
             ... and 4 gems on Feb 8, 2024!
             The game lasted 08:26:23 (26418 turns).

iamserjio the Slayer (Tengu Monk)                  Turns: 26418, Time: 08:26:24

Health: 204/204    AC: 30    Str: 30    XL:     27
Magic:  51/51      EV: 47    Int: 34    God:    Cheibriados [******]
Gold:   86         SH: 23    Dex: 38    Spells: 1/72 levels left

rFire   . .          .
                       - Unarmed
rCold   + . .        h - +5 kite shield {reflect}
rNeg    + + +        (body armour currently unavailable)
rPois   ∞            A - +0 hat of Recklessness {rN+ SInv Stlth+}
rElec   +            i - +2 cloak
rCorr   +            (gloves currently unavailable)
SInv    +            (boots unavailable)
Will    +++++        y - amulet of Vitality {RegenMP++ Regen++}
Stlth   +++          Z - ring "Ezoagh" {rN+ Will+++ Int-2 Dex+4 Slay+4}
HPRegen 2.14/turn    a - ring of Xarauno {rElec rC+ rCorr EV+5 Int+4}
MPRegen 1.12/turn

%: reflection, acrobat
@: statue-form, flying, very slow
A: slow and powerful, torment resistance 1, flying, boosted hp, beak, talons 3,
evasive flight, acrobatic, claws 1, (iridescent scales 1), thin skeletal
structure 1, dopey 2, (shaggy fur 1)
0: Orb of Zot
}: 15/15 runes: decaying, serpentine, slimy, silver, golden, iron, obsidian,
icy, bone, abyssal, demonic, glowing, magical, fiery, dark
a: Begin Untransformation, Renounce Religion, Bend Time, Temporal Distortion,
Slouch, Step From Time


You escaped.
You worshipped Cheibriados.
Cheibriados was exalted by your worship.
You were a living statue of rough stone.
You visited 18 branches of the dungeon, and saw 86 of its levels.
You visited Pandemonium 1 time, and saw 19 of its levels.
You visited the Abyss 4 times.
You visited 1 bazaar.
You visited 1 ziggurat, and saw 7 of its levels.
You also visited: Ossuary and Wizlab.

You collected 6056 gold pieces.
You spent 5970 gold pieces at shops.

Inventory:

Hand Weapons
 o - the +3 Elemental Staff {ele, rElec rF+ rC+ AC+3}
   (You took it off an occultist on level 1 of the Depths)

   AC+3:      It affects your AC (+3).
   rF+:       It protects you from fire.
   rC+:       It protects you from cold.
   rElec:     It insulates you from electricity.
 I - a +4 demon trident of distortion
Armour
 h - a +5 kite shield of reflection (worn)
 i - a +2 cloak (worn)
 x - a +1 tower shield of fire resistance
 A - the +0 hat of Recklessness (worn) {rN+ SInv Stlth+}
   (You acquired it on level 3 of the Crypt)

   rN+:       It protects you from negative energy.
   SInv:      It lets you see invisible.
   Stlth+:    It makes you more stealthy.
Magical Staves
 L - the staff of Eternal Vigilance {rN+ Str+2 Int+4 Necro}
   (You found it on level 7 of Tartarus)

   [staff of death]

   Base accuracy: +5 Base damage: 5 Base attack delay: 1.2 This weapon's minimum
   attack delay (0.6) is reached at skill level 12.
   Str+2:     It affects your strength (+2).
   Int+4:     It affects your intelligence (+4).
   rN+:       It protects you from negative energy.
   Necro:     It increases the power of your Necromancy spells.
   It falls into the 'Staves' category.
   It is a one-handed weapon.
Jewellery
 a - the ring of Xarauno (right claw) {rElec rC+ rCorr EV+5 Int+4}
   (You bought it in a shop on level 3 of the Snake Pit)

   [ring of evasion]

   EV+5:      It affects your evasion (+5).
   Int+4:     It affects your intelligence (+4).
   rC+:       It protects you from cold.
   rElec:     It insulates you from electricity.
   rCorr:     It protects you from acid and corrosion.
 b - the ring "Mout" {rF+ Dex+2}
   (You found it on level 4 of the Vaults)

   [ring of protection from fire]

   Dex+2:     It affects your dexterity (+2).
   rF+:       It protects you from fire.
 f - the ring "Lirchil" {rF+ rN+ rCorr MP-9 Str+5 Int+6}
   (You found it on level 5 of the Pits of Slime)

   [ring of intelligence]

   Str+5:     It affects your strength (+5).
   Int+6:     It affects your intelligence (+6).
   rF+:       It protects you from fire.
   rN+:       It protects you from negative energy.
   MP-9:      It affects your magic capacity (-9).
   rCorr:     It protects you from acid and corrosion.
 g - the ring "Sysm" {rC+ Int+4}
   (You took it off a balrug on level 7 of Gehenna)

   [ring of protection from cold]

   Int+4:     It affects your intelligence (+4).
   rC+:       It protects you from cold.
 j - a +6 ring of intelligence
 y - the amulet of Vitality (around neck) {RegenMP++ Regen++}
   (You bought it in a shop in a bazaar)

   [amulet of magic regeneration]

   RegenMP:   It increases your rate of magic regeneration.
   Regen++:   It increases your rate of health regeneration.
 H - a ring of magical power
 O - the ring "Genasch" {Fire rCorr Str+2 SInv}
   (You found it on level 1 of the Elven Halls)

   [ring of fire]

   Fire:      It enhances your fire magic.
   Str+2:     It affects your strength (+2).
   rF+:       It protects you from fire.
   rC-:       It makes you vulnerable to cold.
   SInv:      It lets you see invisible.
   rCorr:     It protects you from acid and corrosion.
 V - a ring of wizardry
 X - the ring "Apterhu" {rN+ Str+3 Dex-2 Slay+5}
   (You found it on level 3 of the Crypt)

   [ring of positive energy]

   Str+3:     It affects your strength (+3).
   Dex-2:     It affects your dexterity (-2).
   Slay+5:    It affects your accuracy & damage with ranged weapons and melee
   (+5).
   rN+:       It protects you from negative energy.
 Z - the ring "Ezoagh" (left claw) {rN+ Will+++ Int-2 Dex+4 Slay+4}
   (You found it on level 3 of the Crypt)

   [ring of positive energy]

   Int-2:     It affects your intelligence (-2).
   Dex+4:     It affects your dexterity (+4).
   Slay+4:    It affects your accuracy & damage with ranged weapons and melee
   (+4).
   rN+:       It protects you from negative energy.
   Will+++:   It greatly increases your willpower.
Talismans
 B - a granite talisman (active)
Wands
 D - a wand of roots (60)
 G - a wand of acid (33) {@v1}
 K - a wand of charming (26)
 Q - a wand of digging (2) {@v3}
Scrolls
 d - 8 scrolls of immolation
 e - 8 scrolls of fear
 k - 4 scrolls of teleportation {@r3}
 n - 3 scrolls of amnesia
 p - 5 scrolls of vulnerability
 v - 3 scrolls of poison
 C - 2 scrolls of blinking {@r4}
 F - 4 scrolls of silence
Potions
 c - 2 potions of berserk rage
 l - 2 potions of resistance {@q5}
 q - 14 potions of curing {@q1}
 r - 3 potions of heal wounds {@q2}
 s - a potion of attraction
 t - 5 potions of mutation
 u - a potion of experience
 w - a potion of magic
 z - a potion of ambrosia
 E - 3 potions of lignification
 J - a potion of invisibility
 P - 3 potions of might {@q3}
 Y - 2 potions of enlightenment
Miscellaneous
 m - the horn of Geryon (inert)
 M - a phial of floods
 N - a lightning rod (4/4)
 R - a condenser vane
 S - a figurine of a ziggurat
 W - a phantom mirror


   Skills:
 - Level 26.0 Fighting
 + Level 18.4 Dodging
 - Level 12.0 Stealth
 - Level 15.0 Shields
 - Level 18.0 Unarmed Combat
 - Level 23.0 Spellcasting
 - Level 13.0 Conjurations
 - Level 2.0 Hexes
 - Level 23.0 Summonings
 - Level 23.0 Necromancy
 - Level 8.0 Translocations
 - Level 18.5 Fire Magic
 - Level 11.0 Air Magic
 - Level 3.0 Earth Magic
 - Level 13.0 Alchemy
 - Level 11.4 Invocations
 - Level 12.0 Evocations
 - Level 16.0 Shapeshifting


You had one spell level left.
You knew the following spells:

 Your Spells              Type           Power      Damage    Failure   Level
a - Apportation           Tloc           100%       N/A       1%          1
b - Passage of Golubria   Tloc           76%        N/A       1%          4
c - Vhi's Electric Charg  Tloc/Air       100%       N/A       1%          4
d - Death's Door          Necr           57%        N/A       8%          9
e - Summon Forest         Summ/Tloc      48%        N/A       1%          5
f - Irradiate             Conj/Alch      45%        3d26      1%          5
g - Borgnjor's Vile Clut  Necr/Erth      45%        N/A       1%          5
h - Blink                 Tloc           100%       N/A       1%          2
i - Dragon's Call         Summ           57%        N/A       8%          9
j - Infestation           Necr           57%        N/A       1%          8
k - Ignition              Fire           52%        3d15      3%          8
l - Borgnjor's Revivific  Necr           57%        N/A       1%          8
m - Passwall              Erth           56%        N/A       1%          3

Your spell library contained the following spells:

 Spells                   Type           Power      Damage    Failure   Level
 Foxfire                  Conj/Fire      100%       2x1d9     0%          1
 Necrotise                Necr           100%       1d9       0%          1
 Shock                    Conj/Air       100%       1d9       0%          1
 Freeze                   Ice            100%       1d10      1%          1
 Call Imp                 Summ           100%       N/A       0%          2
 Static Discharge         Conj/Air       100%       3-8/arc   0%          2
 Fugue of the Fallen      Necr           100%       N/A       0%          3
 Vampiric Draining        Necr           100%       2d13      0%          3
 Volatile Blastmotes      Fire/Tloc      100%       2d18      0%          3
 Animate Dead             Necr           100%       N/A       0%          4
 Dispel Undead            Necr           100%       3d31      0%          4
 Ignite Poison            Fire/Alch      98%        N/A       0%          4
 Martyr's Knell           Necr/Summ      100%       N/A       0%          4
 Summon Lightning Spire   Summ/Air       100%       N/A       0%          4
 Curse of Agony           Necr           100%       N/A       0%          5
 Summon Cactus Giant      Summ           57%        N/A       0%          6
 Ensorcelled Hibernation  Hex/Ice        90%        N/A       1%          2
 Jinxbite                 Hex            100%       N/A       1%          2
 Lesser Beckoning         Tloc           100%       N/A       1%          2
 Gell's Gravitas          Tloc           76%        N/A       1%          3
 Hailstorm                Conj/Ice       70%        3d12      1%          3
 Inner Flame              Hex/Fire       83%        N/A       1%          3
 Stone Arrow              Conj/Erth      100%       3d13      1%          3
 Swiftness                Air            85%        N/A       1%          3
 Teleport Other           Tloc           76%        N/A       1%          3
 Tukima's Dance           Hex            51%        N/A       1%          3
 Airstrike                Air            42%        2d(7-23)  1%          4
 Brom's Barrelling Bould  Conj/Erth      76%        2d9       1%          4
 Dimensional Bullseye     Hex/Tloc       32%        N/A       1%          4
 Fulminant Prism          Conj/Alch      45%        3d20      1%          4
 Iskenderun's Mystic Bla  Conj/Tloc      84%        2d17      1%          4
 Leda's Liquefaction      Alch/Erth      38%        N/A       1%          4
 Manifold Assault         Tloc           76%        N/A       1%          4
 Olgreb's Toxic Radiance  Alch           91%        N/A       1%          4
 Alistair's Intoxication  Alch           60%        N/A       1%          5
 Arcjolt                  Conj/Air       44%        1d54      1%          5
 Fireball                 Conj/Fire      49%        3d19      1%          5
 Iskenderun's Battlesphe  Conj           91%        2d14      1%          5
 Silence                  Hex/Air        35%        N/A       1%          5
 Summon Mana Viper        Hex/Summ       89%        N/A       1%          5
 Yara's Violent Unravell  Hex/Alch       37%        3d15      1%          5
 Conjure Ball Lightning   Conj/Air       44%        3x3d15    1%          6
 Plasma Beam              Fire/Air       48%        2x1d62    1%          6
 Starburst                Conj/Fire      49%        6d13      1%          6
 Haunt                    Necr/Summ      57%        N/A       1%          7
 Spellforged Servitor     Conj/Summ      52%        N/A       1%          7
 Summon Hydra             Summ           57%        N/A       1%          7
 Ozocubu's Armour         Ice            39%        N/A       2%          3
 Orb of Destruction       Conj           45%        9d12      3%          7
 Cause Fear               Hex            25%        N/A       4%          4
 Bombard                  Conj/Erth      38%        9d7       5%          6
 Dispersal                Tloc           38%        N/A       5%          6
 Lee's Rapid Deconstruct  Erth           28%        3d15*     8%          5
 Metabolic Englaciation   Hex/Ice        22%        N/A       17%         5
 Disjunction              Tloc           38%        N/A       93%         8
 Lehudib's Crystal Spear  Conj/Erth      38%        10d9      93%         8
 Ozocubu's Refrigeration  Ice            19%        4d11      100%        7
 Discord                  Hex            25%        N/A       100%        8
 Polar Vortex             Ice            19%        12d2*     100%        9
 Sublimation of Blood     Necr           Unusable   N/A       N/A         2

Dungeon Overview and Level Annotations

Branches:
Dungeon (15/15)            Temple (1/1) D:5            Lair (5/5) D:10
  Swamp (4/4) Lair:2        Snake (4/4) Lair:3        Slime (5/5) Lair:5
    Orc (2/2) D:9             Elf (3/3) Orc:2        Vaults (5/5) D:14
  Crypt (3/3) Vaults:3       Tomb (3/3) Crypt:3      Depths (4/4) D:15
   Hell (visited)             Dis (7/7) Hell            Geh (7/7) Hell
    Coc (7/7) Hell            Tar (7/7) Hell            Zot (5/5) Depths:4
Ossuary (visited)          WizLab (visited)

Altars:
Ashenzari
Cheibriados
Dithmenos
Elyvilon
Fedhas
Gozag
Hepliaklqana
Kikubaaqudgha
Makhleb
Nemelex Xobeh
Okawaru
Qazlal
Ru
Sif Muna
Trog
Uskayaw
Vehumet
Wu Jian
Xom
Yredelemnul
Zin
The Shining One
Jiyva
Lugonu

Shops:
D:7 *   D:10 (   D:13 *   Orc:2 (:(!   Elf:1 [!*   Elf:2 (   Snake:3 :==
Snake:4 =

Portals:
Hell: Depths:1 Depths:2 Depths:4
Abyss: Tar:5 Depths:3
Pandemonium: Depths:1

Annotations:
Lair:5 exclusion: ice statue
Dis:5 1 exclusion
Geh:7 exclusions: hellephant and tormentor
Zot:3 exclusions: downstairs and 3 more exclusions


Innate Abilities, Weirdness & Mutations

You are a living statue of rough stone.
Your actions are slow, but your melee attacks are powerful.
You are resistant to unholy torment.
You are flying.
Your maximum health is greatly increased.
Your equipment is partially melded.
You are immune to poison.
You have a beak for a mouth.
You have claws for feet.
Your magical flight helps you evade attacks. (EV +4)
You can magically evade attacks while moving or waiting.
You have sharp fingernails.
((You are partially covered in iridescent scales. (AC +2)))
You have a somewhat thin skeletal structure. (Dex +2, Stealth+)
You are very dopey. (Int -4)
((You are covered in fur. (AC +1)))


Message History

Casting: Passage of Golubria (safe; 1% risk of failure)
Aiming: Passage of Golubria (safe; 1% risk of failure)
Press: ? - help, Dir - move target You block the rat's attack.
You enter the passage of Golubria.
There is a passage of Golubria here.
Casting: Passage of Golubria (safe; 1% risk of failure)
Aiming: Passage of Golubria (safe; 1% risk of failure)
Press: ? - help, Dir - move target You enter the passage of Golubria.
Casting: Passage of Golubria (safe; 1% risk of failure)
Aiming: Passwall (safe; 1% risk of failure)
Press: ? - help, Dir - move target A rock wall.
This square is covered in magical glow.
You begin to meditate on the wall.
You continue meditating on the rock.
Magic restored.
The rat enters the passage of Golubria.
You continue meditating on the rock.
You hear a snapping sound.
You finish merging with the rock.
There is a stone staircase leading up here.
You fly upwards.
There is a stone staircase leading down here.
Blink to where?
Press: ? - help, Dir - move target
As you read the scroll of blinking {@r4}, it crumbles to dust.
You see here a +0 dagger.
There is a stone staircase leading up here.
You fly upwards.
There is a stone staircase leading down here.
Aiming: Dig
Press: ? - help, Shift-Dir - straight line A rock wall.
This square is covered in magical glow.
The rock shatters into small pieces.
Blink to where?
Press: ? - help, Dir - move target
As you read the scroll of blinking {@r4}, it crumbles to dust.
There is a staircase leading out of the dungeon here.
You have escaped!

##.###### #.ß.......ß.###
#....)§# #...............#
########..##.ß).#######..ß.#
.###.......#....#kwhlh#....#
..#..........ß. #######..ß.######
#..........#... ...........#..#..
##.........##..............#.....
#.........# #.########....#.....
#.........# #.I........###..#..
#.........#################..###
##......).....(^..##..........# #
..................##..........# #
####.....#........##..........###
##.#.....#..†........##)#####.
#.#................).#.# #..
#####.#....................# ##.#
#.....#.........†..........###..#


There were no monsters in sight!

Vanquished Creatures
  Antaeus (Coc:7)
  Asmodeus (Geh:7)
  the Royal Jelly (Slime:5)
  Mnoleg (Pan)
  Gloorx Vloq (Pan)
  Ereshkigal (Tar:7)
  the Serpent of Hell (Geh:7)
  Lom Lobon (Pan)
  9 dread liches
  Dispater (Dis:7)
  An orb of fire (Zot:5)
  7 ancient liches
  Mennas (Pan)
  A juggernaut (Depths:1)
  Boris (Tomb:3)
  11 royal mummies
  11 shard shrikes
  3 Killer Klowns (Zot:5)
  Vashnia (Snake:4)
  2 curse toes
  6 caustic shrikes
  2 golden dragons
  Geryon (Hell)
  18 bone dragons
  11 doom hounds
  3 profane servitors
  17 Tzitzimimeh
  7 Brimstone Fiends
  8 iron giants
  2 hellephants
  27 Ice Fiends
  A spectral shard shrike (Tar:6)
  12 titans
  10 tentacled monstrosities
  Asterion (Vaults:2)
  Jorgrun (Orc:1)
  10 Hell Sentinels
  9 liches
  A shard shrike skeleton (Tomb:3)
  9 Orb Guardians
  12 tainted leviathans
  Mlioglotl (Swamp:3)
  The ghost of seren the Lord of Darkness, an adept DsNe of Kikubaaqudgha (Vaults:1)
  A deep elf blademaster (Elf:3)
  A walking divine tome (Depths:3)
  7 searing wretches (Geh:7)
  2 quicksilver dragons
  10 Executioners (Pan)
  4 tentacled starspawn (Abyss:3)
  12 sphinxes
  19 ancient champions
  10 acid blobs
  A death cob (Zot:5)
  10 storm dragons
  Donald (Swamp:3)
  A thorn hunter (Abyss:3)
  3 shadow dragons
  4 revenants
  7 tengu reavers
  7 azure jellies
  11 frost giants
  An occultist (Depths:1)
  5 fenstrider witches
  2 draconian knights (Zot:5)
  3 rockslimes
  6 protean progenitors (Pan)
  3 draconian monks
  13 fire giants
  6 demonspawn warmongers (Pan)
  7 nagarajas
  2 emperor scorpions (Zig:3)
  2 narguns
  4 deep elf sorcerers
  6 quicksilver elementals
  5 deep elf elementalists (Elf:3)
  The ghost of Houdeet the Severer, a journeyman MiFi of Okawaru (Snake:3)
  3 draconian shifters
  4 shard shrike simulacra
  A ghost moth (Zot:4)
  11 vault wardens
  4 iron dragons
  24 balrugs
  A spectral juggernaut (Crypt:1)
  A draconian scorcher (Abyss:3)
  A caustic shrike zombie (Crypt:2)
  5 ghouls
  A spectral caustic shrike (Tar:1)
  Louise (Swamp:2)
  An angel (Pan)
  3 curse skulls
  3 caustic shrike skeletons
  17 reapers
  2 spriggan defenders
  2 orc warlords
  4 formless jellyfish
  8 demonspawn corrupters
  6 very ugly things
  8 ironbound preservers
  21 cacodemons
  An ironbound thunderhulk (Vaults:1)
  8 demonspawn blood saints (Pan)
  18 stone giants
  4 draconian annihilators
  10 quicksilver oozes
  15 elemental wellsprings
  3 eleionomae (Swamp:1)
  5 demonspawn black suns (Pan)
  7 deep elf demonologists
  4 black draconians
  5 deep elf death magi
  3 yellow draconians
  3 green draconians
  7 lorocyprocas
  13 putrid mouths
  4 white draconians (Zot:4)
  3 bennus
  2 dire elephants
  5 vampire knights
  A spectral titan (Tar:7)
  3 bunyips
  A minotaur (Vaults:1)
  8 wendigos
  10 war gargoyles
  4 spark wasps
  4 purple draconians
  5 deep elf annihilators
  6 red draconians
  Azrael (Orc:2)
  2 merfolk javelineers
  8 eidola
  8 blizzard demons (Pan)
  22 mummy priests
  10 yaktaur captains
  10 fire dragons
  9 iron golems
  9 green deaths (Pan)
  19 jiangshi
  An entropy weaver (Vaults:2)
  14 ettins
  32 vault guards
  Fannar (Orc:1)
  A merfolk impaler (Vaults:1)
  5 rakshasas
  9 ice dragons
  3 spectral spriggans
  10 deep elf high priests (Elf:3)
  A fenstrider witch zombie (Crypt:2)
  9 great orbs of eyes
  A ghost crab (Swamp:2)
  6 hell beasts
  3 salamander tyrants
  7 anacondas
  A juggernaut simulacrum (Coc:7)
  10 hydras
  3 ogre magi
  A catoblepas (Lair:3)
  6 caustic shrike simulacra
  15 centaur warriors
  5 stokers
  2 death knights (Crypt:3)
  5 ironbound frosthearts
  2 satyrs (Abyss:3)
  19 two-headed ogres
  2 radroaches
  5 spriggan air magi
  8 alligators
  6 dancing weapons
  18 death scarabs
  A jorogumo (Pan)
  3 tengu warriors
  A merfolk aquamancer (Zig:2)
  2 demonic crawlers (Hell)
  6 holy swine (Pan)
  2 boulder beetles
  A two-headed ogre (shapeshifter) (Depths:3)
  8 naga warriors
  An orc high priest (Vaults:2)
  8 death yaks
  2 deep troll shamans
  11 vampire magi
  5 hell hogs
  5 deep troll earth magi
  14 naga sharpshooters
  4 thrashing horrors
  5 spriggan berserkers
  10 hell knights
  Nergalle (Orc:2)
  A hellephant skeleton (Pan)
  6 deep elf knights
  15 soul eaters
  A shock serpent (shapeshifter) (Vaults:5)
  15 shadow wraiths
  8 shock serpents
  A fire crab (shapeshifter) (Depths:2)
  57 sun demons
  2 crystal echidnas
  An iron troll (Zot:3)
  4 glowing orange brains
  4 salamander mystics
  37 skeletal warriors
  2 skysharks
  A skyshark (shapeshifter) (Vaults:5)
  A goliath frog (Swamp:3)
  19 sixfirhies
  3 wretched stars (Abyss:3)
  7 sun moths (Pan)
  A glowing orange brain (shapeshifter) (D:15)
  3 sea snakes (Snake:4)
  15 deep trolls
  4 quicksilver dragon simulacra
  11 shadow demons (Pan)
  3 arcanists
  A spriggan druid (Swamp:2)
  13 mana vipers
  A spectral anaconda (Crypt:1)
  8 naga ritualists
  2 bog bodies
  2 flayed ghosts (Crypt:3)
  5 lindwurms
  8 deep elf archers
  6 necromancers
  10 ironbound convokers
  3 spriggan simulacra
  5 swamp dragons
  9 phantasmal warriors
  16 deep elf pyromancers
  4 orc knights
  4 harpies (Vaults:3)
  A salamander (shapeshifter) (Elf:1)
  13 orc sorcerers
  16 ugly things
  23 deep elf zephyrmancers
  3 manticores
  12 large abominations
  12 moths of wrath
  5 worldbinders (Abyss:3)
  26 salamanders
  7 will-o-the-wisps
  A manticore (shapeshifter) (Depths:1)
  4 guardian serpents
  A water nymph (Abyss:3)
  2 apocalypse crabs (Abyss:3)
  A meliai (shapeshifter) (Elf:1)
  A black mamba (shapeshifter) (Elf:1)
  8 elephants (Lair:5)
  2 stone giant skeletons
  31 black mambas
  7 vault sentinels
  A water nymph (shapeshifter) (Elf:3)
  An ice statue (Coc:2)
  9 naga magi
  7 titan simulacra
  4 rust devils
  7 cane toads
  23 smoke demons
  A naga skeleton (Crypt:2)
  7 torpor snails
  3 eyes of devastation
  12 orange demons (Pan)
  2 centaur skeletons
  10 hellions
  An alligator snapping turtle skeleton (Crypt:2)
  17 tormentors
  A pale draconian zombie (Crypt:1)
  6 freezing wraiths
  A spectral naga (Tar:3)
  6 komodo dragons
  A dire elephant skeleton (Tomb:3)
  2 rime drakes (Lair:4)
  2 ancient zymes
  2 iron giant simulacra (Coc:7)
  4 efreet
  An anaconda simulacrum (Coc:3)
  3 ice devils
  17 yaktaurs
  A silent spectre (Tar:4)
  3 red devils (Pan)
  A golden dragon simulacrum (Coc:7)
  2 harpy zombies
  4 tengu conjurers
  6 trolls
  16 starcursed masses
  26 guardian mummies
  2 queen bees (shapeshifter)
  20 hellwings (Pan)
  A harpy skeleton (Crypt:3)
  2 polar bears (Lair:5)
  An ettin zombie (Tomb:2)
  10 tyrant leeches
  14 hornets
  A raiju (Abyss:3)
  2 stone giant simulacra (Coc:7)
  13 glass eyes
  17 blink frogs
  3 iron dragon simulacra
  8 dream sheep
  A spectral black mamba (Crypt:3)
  6 spriggans
  4 air elementals
  2 culicivoras (shapeshifter) (Vaults:5)
  A slime creature (shapeshifter) (Elf:1)
  6 water elementals
  A shadow (Abyss:3)
  10 ushabtiu (Tomb:3)
  A dire elephant simulacrum (Coc:7)
  61 slime creatures
  12 ynoxinuls
  11 wraiths
  6 humans (D:14)
  45 yaks
  4 wyverns
  6 basilisks
  A black mamba skeleton (Tomb:1)
  A hog (Lair:3)
  An alligator snapping turtle simulacrum (Crypt:3)
  14 vampire mosquitoes
  A golden eye (shapeshifter) (Elf:2)
  A steam dragon (D:8)
  8 fire elementals
  8 golden eyes
  2 wargs
  6 redbacks
  12 chaos spawn (Pan)
  11 swamp worms
  6 harpy simulacra
  A naga zombie (Tomb:1)
  19 neqoxecs
  9 small abominations
  5 hell hounds (Orc:2)
  An acid dragon (shapeshifter) (Elf:1)
  37 nagas
  A hydra simulacrum (Coc:4)
  10 water moccasins
  12 nameless horrors
  3 black bears
  7 swamp drakes
  An elephant zombie (Crypt:1)
  12 ice beasts
  14 orc warriors
  A swamp dragon zombie (Crypt:1)
  A dream sheep zombie (Crypt:2)
  43 laughing skulls
  A tengu (shapeshifter) (Elf:2)
  4 boggarts (Vaults:3)
  15 ogres
  5 centaurs
  12 wolves
  A blink frog zombie (Crypt:1)
  A phantom (D:4)
  2 kobold brigands
  An elf zombie (Ossuary)
  A brain worm (Abyss:2)
  2 weeping skulls (Crypt:3)
  7 bullfrogs
  4 necrophages
  4 earth elementals
  2 scorpions
  A gnoll sergeant (D:11)
  2 naga simulacra
  6 burial acolytes
  A wight (Abyss:2)
  A queen bee zombie (Crypt:1)
  10 killer bees (D:8)
  3 howler monkeys
  An electric eel (Lair:4)
  4 hounds
  4 jellies
  A bombardier beetle (D:6)
  A bullfrog skeleton (Crypt:2)
  12 orc priests
  A black bear zombie (Crypt:1)
  4 iron imps
  3 iguanas
  Jessica (D:2)
  35 orc wizards
  2 sleepcaps
  6 hell rats (Hell)
  A tengu skeleton (Crypt:2)
  32 mummies
  3 gnolls (D:11)
  5 adders
  A swamp drake skeleton (Crypt:1)
  A shadow imp (D:6)
  4 white imps
  3 ufetubi
  3 dart slugs
  A ribbon worm (D:2)
  58 orcs
  A spectral bat (Abyss:2)
  4 endoplasms
  3 giant cockroaches
  3 gnoll zombies (Ossuary)
  8 goblins
  8 hobgoblins
  3 jackals (D:1)
  3 quokkas
  4 ball pythons
  3 bats
  15 kobolds
  2 kobold zombies (Ossuary)
  2 orc zombies (Ossuary)
  5 rats
  An aspiring flesh (Pan)
  A butterfly (Lair:3)
  4 foxfires (Swamp:4)
  A spectral weapon (Depths:3)
2666 creatures vanquished.

Vanquished Creatures (collateral kills)
  3 dread liches
  3 ancient liches (Zot:5)
  An orb of fire (Zot:5)
  A juggernaut (Depths:3)
  14 royal mummies
  Sojobo (Depths:3)
  Boris (twice) (Tomb:2 Depths:4)
  A Killer Klown (Zot:5)
  2 shard shrikes (Coc:7)
  8 caustic shrikes
  3 golden dragons
  11 bone dragons
  A profane servitor (Tar:7)
  9 doom hounds
  7 Tzitzimimeh
  2 electric golems
  2 tentacled monstrosities
  3 Brimstone Fiends (Geh:7)
  8 hellephants
  11 iron giants
  4 Ice Fiends
  15 Orb Guardians
  6 liches
  11 titans
  The ghost of Vorhees the Eclecticist, an adept DjCj of Gozag (Snake:4)
  5 tainted leviathans
  9 Hell Sentinels
  A quicksilver dragon (Depths:3)
  2 sphinxes (Tomb:1)
  7 searing wretches
  6 acid blobs
  11 ancient champions
  A death cob (Zot:5)
  A tentacled starspawn (Zig:5)
  An eldritch tentacle (Pan)
  5 storm dragons
  Aizul (Elf:1)
  3 tengu reavers
  A revenant (Tomb:2)
  2 azure jellies
  2 protean progenitors
  2 shadow dragons
  2 draconian knights
  7 narguns
  2 demonspawn warmongers (Pan)
  6 frost giants
  3 rockslimes
  A draconian shifter (Zot:4)
  15 balrugs
  5 quicksilver elementals
  14 fire giants
  2 draconian scorchers (Zot:4)
  5 spectral caustic shrikes (Depths:2)
  A deep elf sorcerer (Vaults:5)
  An iron dragon (Depths:3)
  A vault warden (Vaults:5)
  A ghoul (Crypt:2)
  6 reapers
  2 draconian annihilators
  4 cacodemons (Pan)
  2 very ugly things
  A demonspawn corrupter (Pan)
  A spectral juggernaut (Tar:4)
  An orc warlord (Vaults:1)
  9 stone giants
  2 quicksilver oozes
  2 demonspawn blood saints (Pan)
  2 vampire knights
  A spriggan defender (Depths:3)
  3 green draconians
  6 elemental wellsprings
  5 black draconians
  2 deep elf death magi
  2 demonspawn black suns (Pan)
  7 bennus
  11 putrid mouths
  A spectral titan (Tar:4)
  3 purple draconians
  6 wendigos
  3 red draconians
  A deep elf annihilator (Elf:3)
  A lorocyproca (Pan)
  6 war gargoyles
  3 white draconians
  5 yellow draconians
  7 iron golems
  2 eidola (Tar:7)
  A spectral quicksilver dragon (Crypt:1)
  A spectral iron giant (Tar:2)
  5 blizzard demons
  12 mummy priests
  4 fire dragons
  A spectral elf (Tar:1)
  A green death (Pan)
  8 ettins
  4 ice dragons
  2 jiangshi
  2 vault guards (Vaults:5)
  2 nameless horrors
  A great orb of eyes (Slime:5)
  2 rakshasas
  5 spriggan air magi
  2 catoblepae
  5 caustic shrike simulacra
  A salamander tyrant (Geh:1)
  An anaconda (shapeshifter) (Vaults:5)
  An ogre mage (Vaults:5)
  3 two-headed ogres (Zot:3)
  5 stokers
  A death knight (Crypt:1)
  3 juggernaut simulacra
  2 radroaches (Pan)
  A dancing weapon (Elf:2)
  4 tengu warriors
  2 death scarabs (Tomb:3)
  A death yak (Zig:7)
  A centaur warrior (Vaults:4)
  2 satyrs (Pan)
  5 deep troll shamans
  2 deep troll earth magi
  2 vampire magi
  An occultist (Depths:2)
  A naga warrior (Snake:4)
  2 spriggan berserkers
  13 hell hogs
  A shock serpent (Pan)
  A spectral dire elephant (Tar:1)
  2 deep elf knights
  2 hell knights
  A storm dragon zombie (Depths:2)
  3 soul eaters (Pan)
  5 crystal echidnas
  4 iron trolls
  8 sun demons
  A wretched star (Zig:5)
  12 sixfirhies (Pan)
  15 skeletal warriors
  6 shadow wraiths
  2 skysharks (Zig:7)
  A spectral bunyip (Tar:2)
  2 quicksilver dragon simulacra
  A cherub (Zot:4)
  A glowing orange brain (Depths:3)
  A spark wasp zombie (Depths:2)
  An anaconda zombie (Crypt:2)
  11 deep trolls
  An iron giant zombie (Tomb:3)
  2 deep elf archers
  A salamander mystic (Snake:4)
  7 flayed ghosts
  A sun moth (Pan)
  2 shadow demons (Pan)
  2 spriggan simulacra
  2 arcanists
  A spectral iron dragon (Tar:4)
  A deep elf pyromancer (Elf:1)
  A bunyip skeleton (Crypt:1)
  A sun moth (shapeshifter) (Depths:4)
  3 phantasmal warriors
  An ironbound convoker (Vaults:5)
  A spectral hydra (Crypt:1)
  An alligator zombie (Tomb:1)
  4 necromancers
  A deep elf zephyrmancer (Elf:1)
  A stone giant zombie (Crypt:1)
  2 spectral centaurs
  A spectral ettin (Tar:1)
  5 ugly things
  A shadow dragon skeleton (Tomb:2)
  A centaur zombie (Crypt:2)
  13 moths of wrath
  4 rust devils (Hell)
  2 black mambas (Zig:7)
  4 large abominations (Pan)
  A naga zombie (Tomb:3)
  An eye of devastation (Slime:4)
  A vault sentinel (Vaults:5)
  4 titan simulacra
  6 orange demons (Pan)
  2 smoke demons (Pan)
  2 storm dragon simulacra
  2 ice statues (Coc:2)
  An efreet (Pan)
  2 freezing wraiths
  A tengu conjurer (Vaults:1)
  A spectral naga (Tar:2)
  2 iron giant simulacra (Coc:7)
  4 hellions
  2 yaktaurs (Vaults:4)
  2 ice devils
  An anaconda simulacrum (Coc:6)
  6 tormentors
  A golden dragon simulacrum (Coc:7)
  19 guardian mummies
  A hellwing (Pan)
  A hornet (Zot:4)
  A spectral harpy (Tar:2)
  2 harpy skeletons
  3 trolls (Zot:3)
  A frost giant simulacrum (Depths:2)
  A glass eye (Depths:3)
  A spectral black mamba (Crypt:1)
  An ettin skeleton (Depths:1)
  2 stone giant simulacra
  A water elemental (Depths:2)
  10 slime creatures
  4 naga simulacra
  3 dire elephant simulacra
  3 ynoxinuls (Pan)
  A shadow (Crypt:3)
  A human (D:14)
  10 ushabtiu
  5 neqoxecs (Pan)
  An alligator snapping turtle simulacrum (Coc:1)
  7 chaos spawn (Pan)
  8 harpy simulacra
  A glowing shapeshifter zombie (Zig:4)
  5 water moccasins
  A two-headed ogre skeleton (Crypt:2)
  3 ettin simulacra
  An orc warrior (D:15)
  7 laughing skulls
  3 ogres (Zot:3)
  A dream sheep zombie (Crypt:2)
  A swamp dragon skeleton (Crypt:2)
  2 necrophages
  2 starcursed masses
  4 hell rats (Hell)
  24 mummies
  An orc (D:15)
  2 kobolds (D:8)
  2 aspiring fleshes
  2 creeping infernos
  5 fire vortices
  3 lurking horrors (Tar:5)
  A spectral weapon (Depths:3)
823 creatures vanquished.

Vanquished Creatures (others)
  An Orb Guardian (Zot:5)
  2 liches
  2 titans (Pan)
  2 eldritch tentacles (Pan)
  A death cob (Zot:5)
  A shadow dragon (Depths:1)
  A balrug (Pan)
  A shard shrike simulacrum (Coc:7)
  A deep elf annihilator (Pan)
  A lorocyproca (Pan)
  2 green deaths (Pan)
  A juggernaut simulacrum (Coc:7)
  A deep elf knight (Elf:2)
  A sun moth (Pan)
  2 spriggan simulacra
  A swamp dragon (Swamp:4)
  A deep elf zephyrmancer (Elf:1)
  2 moths of wrath
  2 ugly things (D:14)
  An eye of devastation (Pan)
  An ice statue (Coc:2)
  2 anaconda simulacra
  A guardian mummy (Tomb:3)
  A raiju (Abyss:3)
  A ynoxinul (Pan)
  2 neqoxecs (Pan)
  A chaos spawn (Pan)
  2 harpy simulacra
  An ogre (Vaults:5)
  3 orc wizards (Orc:2)
  A hell rat (Hell)
  An orc (D:5)
  32 ball lightnings
  A creeping inferno (Hell)
  8 fire vortices
  5 foxfires
  42 snaplasher vines
  8 starspawn tentacles (Abyss:3)
140 creatures vanquished.

Grand Total: 3629 creatures vanquished

Notes
Turn   | Place    | Note
-------+----------+-------------------------------------------
     0 | D:1      | iamserjio the Tengu Monk began the quest for the Orb.
     0 | D:1      | Reached XP level 1. HP: 14/14 MP: 2/2
     6 | D:1      | Noticed a black bear
     6 | D:1      | Noticed a crocodile
     6 | D:1      | Noticed a hog
     7 | D:1      | Noticed a swamp drake
     7 | D:1      | Noticed a brain worm
    84 | D:1      | Reached XP level 2. HP: 1/19 MP: 3/3
   148 | D:1      | Reached XP level 3. HP: 11/23 MP: 4/4
   399 | D:2      | Noticed Jessica
   417 | D:2      | Killed Jessica
   418 | D:2      | Reached XP level 4. HP: 21/29 MP: 2/5
   552 | D:3      | Reached skill level 5 in Unarmed Combat
   555 | D:3      | Reached skill level 4 in Fighting
   616 | D:4      | Noticed a phantom
   625 | D:4      | Killed a phantom
   626 | D:4      | Reached XP level 5. HP: 31/33 MP: 4/6
   720 | D:4      | Reached XP level 6. HP: 36/39 MP: 5/7
   736 | D:5      | Entered Level 5 of the Dungeon
   736 | D:5      | Found a staircase to the Ecumenical Temple.
   742 | Temple   | Entered the Ecumenical Temple
   760 | Temple   | Became a worshipper of Cheibriados the Contemplative
   760 | Temple   | Reached * piety under Cheibriados
   760 | Temple   | Reached ** piety under Cheibriados
   922 | D:5      | Found a sand-covered staircase.
   931 | Ossuary  | Entered an ossuary
  1005 | Ossuary  | Reached skill level 5 in Fighting
  1044 | Ossuary  | Gained mutation: Your magical flight helps you evade
                  | attacks. (EV +4) [Tengu growth]
  1044 | Ossuary  | Reached XP level 7. HP: 41/44 MP: 6/8
  1438 | D:5      | Reached XP level 8. HP: 48/51 MP: 9/9
  1544 | D:6      | Learned a level 1 spell: Apportation
  1549 | D:6      | Learned a level 4 spell: Passage of Golubria
  1601 | D:7      | Reached skill level 6 in Fighting
  1682 | D:7      | Found a bloodstained altar of Trog.
  1683 | D:7      | Found a hazy altar of Hepliaklqana.
  1690 | D:7      | Reached skill level 1 in Shields
  1691 | D:7      | Found a broken altar of Ashenzari.
  1697 | D:7      | Reached *** piety under Cheibriados
  1818 | D:6      | Reached XP level 9. HP: 56/56 MP: 10/10
  1904 | D:7      | Found Upivugul's General Store.
  1915 | D:6      | Reached skill level 10 in Unarmed Combat
  1924 | D:7      | Bought a scroll of revelation for 112 gold pieces
  2000 | D:8      | Reached skill level 7 in Fighting
  2059 | D:8      | Reached skill level 5 in Dodging
  2165 | D:8      | Reached **** piety under Cheibriados
  2224 | D:8      | Found a sparkling altar of Nemelex Xobeh.
  2400 | D:9      | Noticed a troll
  2408 | D:9      | Killed a troll
  2409 | D:9      | Reached skill level 1 in Invocations
  2430 | D:10     | Entered Level 10 of the Dungeon
  2481 | D:9      | Found a staircase to the Orcish Mines.
  2494 | D:9      | Reached XP level 10. HP: 56/63 MP: 12/12
  2587 | D:11     | Noticed a two-headed ogre
  2601 | D:11     | Killed a two-headed ogre
  2602 | D:11     | Reached skill level 5 in Shields
  2713 | D:11     | Reached ***** piety under Cheibriados
  2751 | D:11     | Noticed a two-headed ogre
  2763 | D:11     | Killed a two-headed ogre
  2763 | D:11     | Noticed a two-headed ogre
  2774 | D:11     | Killed a two-headed ogre
  2775 | D:11     | Reached XP level 11. HP: 24/67 MP: 3/15
  2785 | D:12     | Noticed a manticore
  2795 | D:12     | Killed a manticore
  2949 | D:12     | Noticed a tengu warrior
  2962 | D:12     | Killed a tengu warrior
  3149 | D:12     | Reached skill level 5 in Invocations
  3238 | D:13     | Noticed a centaur warrior
  3243 | D:13     | Noticed a manticore
  3248 | D:13     | Killed a centaur warrior
  3252 | D:13     | Killed a manticore
  3255 | D:13     | Noticed a five-headed hydra
  3262 | D:13     | Killed a five-headed hydra
  3288 | D:13     | Noticed a boulder beetle
  3299 | D:13     | Reached skill level 1 in Spellcasting
  3307 | D:13     | Reached skill level 1 in Translocations
  3328 | D:13     | Killed a boulder beetle
  3329 | D:13     | Reached skill level 8 in Fighting
  3329 | D:13     | Reached XP level 12. HP: 66/73 MP: 17/17
  3330 | D:13     | Noticed a two-headed ogre
  3335 | D:13     | Noticed a centaur warrior
  3342 | D:13     | Killed a two-headed ogre
  3342 | D:13     | Noticed a two-headed ogre
  3346 | D:13     | Killed a centaur warrior
  3352 | D:13     | Killed a two-headed ogre
  3380 | D:14     | Noticed a boulder beetle
  3431 | D:15     | Entered Level 15 of the Dungeon
  3444 | D:14     | Noticed a tengu warrior
  3444 | D:14     | Noticed a boulder beetle
  3454 | D:14     | Killed a tengu warrior
  3455 | D:14     | Reached skill level 9 in Fighting
  3505 | D:14     | Killed a boulder beetle
  3526 | D:14     | Noticed a vault guard
  3528 | D:14     | Noticed a vault guard
  3690 | D:14     | Killed a vault guard
  3691 | D:14     | Reached skill level 10 in Fighting
  3726 | D:14     | Noticed a vault guard
  3753 | D:13     | Killed a vault guard
  3941 | D:10     | Learned a level 4 spell: Vhi's Electric Charge
  3945 | D:10     | Learned a level 3 spell: Passwall
  3981 | D:10     | Found a staircase to the Lair.
  3995 | Lair:1   | Entered Level 1 of the Lair of Beasts
  4127 | Lair:2   | Reached XP level 13. HP: 61/83 MP: 21/21
  4191 | Lair:2   | Reached skill level 1 in Air Magic
  4195 | Lair:2   | Reached skill level 1 in Shapeshifting
  4337 | Lair:2   | Found a staircase to the Swamp.
  4598 | Lair:1   | Reached skill level 5 in Air Magic
  4782 | Lair:3   | Reached skill level 5 in Shapeshifting
  4947 | Lair:3   | Found a staircase to the Snake Pit.
  5099 | Lair:5   | Entered Level 5 of the Lair of Beasts
  5116 | Lair:5   | Reached XP level 14. HP: 38/88 MP: 8/22
  5404 | Lair:5   | Got an earthy gem with 1601 turns to spare
  5552 | Lair:5   | Reached skill level 10 in Shapeshifting
  5653 | Lair:5   | Found a viscous altar of Jiyva.
  5653 | Lair:5   | Found a staircase to the Slime Pits.
  6131 | Snake:1  | Entered Level 1 of the Snake Pit
  6278 | Snake:1  | Reached skill level 1 in Evocations
  6459 | Snake:2  | Noticed a nagaraja
  6672 | Snake:2  | Reached XP level 15. HP: 40/93 MP: 13/23
  6727 | Snake:2  | Reached skill level 5 in Spellcasting
  6838 | Snake:2  | Killed a nagaraja
  6880 | Snake:2  | Noticed a nagaraja
  6894 | Snake:2  | Killed a nagaraja
  6947 | Snake:3  | Noticed Houdeet's ghost (journeyman MiFi)
  6966 | Snake:3  | Found a runed translucent gate.
  6966 | Snake:3  | Found a runed translucent gate.
  6966 | Snake:3  | Found a runed translucent gate.
  7015 | Snake:3  | Noticed a nagaraja
  7114 | Snake:3  | Found Ranest's Jewellery Emporium.
  7116 | Snake:3  | Found Pitosa's Book Shop.
  7117 | Snake:3  | Found Xopim's Jewellery Emporium.
  7126 | Snake:3  | Bought the ring of Xarauno {rElec rC+ rCorr EV+5 Int+4} for
                  | 1136 gold pieces
  7158 | Snake:4  | Entered Level 4 of the Snake Pit
  7175 | Snake:4  | Found Sacoisty's One-of-a-Kind Rings.
  7266 | Snake:3  | Killed a nagaraja
  7299 | Snake:4  | Noticed a nagaraja
  7304 | Snake:4  | Reached XP level 16. HP: 99/99 MP: 26/26
  7314 | Snake:4  | Killed a nagaraja
  7315 | Snake:4  | Reached skill level 15 in Shapeshifting
  7531 | Snake:4  | Found a runed translucent door.
  7535 | Snake:4  | Noticed Vorhees's ghost (adept DjCj)
  7553 | Snake:4  | Killed Vorhees's ghost
  7569 | Snake:4  | Identified the +8 dagger of Siataeg {drain, rElec rPois
                  | rCorr Int+4}
  7630 | Snake:4  | Noticed Vashnia
  7638 | Snake:4  | Killed Vashnia
  7640 | Snake:4  | Reached skill level 5 in Translocations
  7642 | Snake:4  | Noticed a nagaraja
  7651 | Snake:4  | Killed a nagaraja
  7666 | Snake:4  | Reached skill level 11 in Fighting
  7757 | Snake:4  | Got a serpentine rune of Zot
  7768 | Snake:4  | Noticed a nagaraja
  7774 | Snake:4  | Killed a nagaraja
  7827 | Snake:3  | Killed Houdeet's ghost
  7958 | Swamp:1  | Entered Level 1 of the Swamp
  7958 | Swamp:1  | Noticed a fenstrider witch
  7966 | Swamp:1  | Killed a fenstrider witch
  7995 | Swamp:1  | Reached XP level 17. HP: 104/104 MP: 18/27
  8077 | Swamp:2  | Noticed Mlioglotl
  8081 | Swamp:2  | Noticed a dread lich
  8089 | Swamp:3  | Killed Mlioglotl
  8134 | Swamp:3  | Noticed Donald
  8143 | Swamp:3  | Killed Donald
  8151 | Swamp:3  | Reached ****** piety under Cheibriados
  8183 | Swamp:3  | You are sucked into a shaft and drop 1 floor!
  8183 | Swamp:4  | Entered Level 4 of the Swamp
  8191 | Swamp:4  | Got a decaying rune of Zot
  8215 | Swamp:4  | Reached skill level 10 in Shields
  8286 | Swamp:2  | Reached skill level 10 in Dodging
  8303 | Swamp:1  | Got the Incunable of Flamy Frostbite
  8368 | Swamp:2  | Identified the +3 tower shield of Jiat {Dex+4}
  8368 | Swamp:2  | Noticed Louise
  8380 | Swamp:2  | Killed Louise
  8499 | Lair:2   | Upgraded the game from 0.32-a0-42-ga30500b4d3 to
                  | 0.32-a0-43-g058985b245
  8499 | Lair:2   | Upgraded the game from 0.32-a0-43-g058985b245 to
                  | 0.32-a0-85-g672eff3212
  8675 | Orc:1    | Entered Level 1 of the Orcish Mines
  8691 | Orc:1    | Noticed Jorgrun
  8707 | Orc:1    | Killed Jorgrun
  8743 | Orc:1    | Noticed Fannar
  8749 | Orc:1    | Killed Fannar
  8797 | Orc:2    | Entered Level 2 of the Orcish Mines
  8904 | Orc:2    | Found a staircase to the Elven Halls.
  8982 | Orc:2    | Found Rachuamm's Antique Weapon Shoppe.
  8996 | Orc:2    | Found a radiant altar of Vehumet.
  9006 | Orc:2    | Found Dupiuv's Book Shoppe.
  9020 | Orc:2    | Paralysed by something for 2 turns
  9020 | Orc:2    | Noticed Nergalle
  9023 | Orc:2    | Killed Nergalle
  9027 | Orc:2    | Found an ancient bone altar of Kikubaaqudgha.
  9045 | Orc:2    | Found Penabb's Antique Weapon Emporium.
  9062 | Orc:2    | Noticed Azrael
  9073 | Orc:2    | Killed Azrael
  9084 | Orc:2    | Reached skill level 1 in Summonings
  9089 | Orc:2    | Found Eblosk's Distillery.
  9109 | Orc:2    | Bought a potion of heal wounds for 70 gold pieces
  9109 | Orc:2    | Bought a potion of heal wounds for 70 gold pieces
  9124 | Orc:2    | Bought a book of the Wilderness for 456 gold pieces
  9124 | Orc:2    | Bought a book of Spontaneous Combustion for 456 gold pieces
  9130 | Orc:2    | Learned a level 5 spell: Summon Forest
  9136 | Orc:2    | Learned a level 5 spell: Irradiate
  9178 | Elf:1    | Entered Level 1 of the Elven Halls
  9182 | Elf:1    | Reached skill level 1 in Conjurations
  9193 | Elf:1    | Reached skill level 1 in Alchemy
  9204 | Elf:1    | Found Ohoa's Antique Armour Shop.
  9206 | Elf:1    | Found Ohug's Distillery.
  9208 | Elf:1    | Found Kasojil's Assorted Antiques.
  9233 | Elf:1    | Reached XP level 18. HP: 111/111 MP: 19/28
  9286 | Elf:1    | Identified the serpent talisman of Fedhas's Anger {Int+3}
  9286 | Elf:1    | Noticed Aizul
  9296 | Elf:1    | Killed Aizul
  9331 | Elf:1    | Reached skill level 12 in Fighting
  9419 | Elf:1    | Identified the ring "Genasch" {Fire rCorr Str+2 SInv}
  9450 | Elf:2    | Reached skill level 5 in Conjurations
  9512 | Elf:2    | Found Taesyla's Antique Weapon Shop.
  9520 | Elf:3    | Entered Level 3 of the Elven Halls
  9603 | Elf:2    | Paralysed by an orc sorcerer for 2 turns
  9680 | Elf:3    | Paralysed by an air elemental for 1 turns
  9821 | Elf:3    | Reached skill level 1 in Stealth
  9821 | Elf:3    | Reached skill level 5 in Summonings
  9823 | Abyss:2  | Cast into level 2 of the Abyss (a deep elf demonologist)
  9824 | Abyss:2  | Found a corrupted altar of Lugonu.
  9900 | Abyss:2  | Reached skill level 1 in Earth Magic
  9909 | Abyss:2  | Learned a level 6 spell: Summon Cactus Giant
 10024 | Abyss:2  | Gained mutation: You are weak. (Str -2) [a neqoxec]
 10045 | Abyss:3  | Upgraded the game from 0.32-a0-85-g672eff3212 to
                  | 0.32-a0-119-g2e8054a333
 10236 | Abyss:3  | Got an abyssal rune of Zot
 10266 | Abyss:3  | Reached skill level 5 in Stealth
 10314 | Abyss:3  | Noticed a bone dragon
 10399 | Abyss:3  | Reached XP level 19. HP: 116/116 MP: 26/30
 10416 | Elf:3    | Escaped the Abyss
 10530 | Elf:3    | Learned a level 5 spell: Silence
 10535 | Elf:3    | Identified the staff "Juorong" {rPois rC+ Int+3 Alchemy}
 10537 | Abyss:3  | Cast into level 3 of the Abyss (a deep elf sorcerer)
 10701 | Elf:3    | Escaped the Abyss
 10728 | Elf:3    | Reached skill level 1 in Hexes
 10792 | Elf:3    | Identified the ring "Boaxtok" {Fire Str+4}
 10806 | Elf:3    | Identified the ring of Asceticism {Ice rPois Dex+5}
 10807 | Elf:3    | Identified the +1 arbalest of Gienoy Zesk {flame, rPois
                  | rF+++ Dex-5 SInv}
 10810 | Abyss:3  | Cast into level 3 of the Abyss (a deep elf sorcerer)
 10826 | Elf:3    | Escaped the Abyss
 10826 | Elf:3    | Identified the +7 morningstar of the Viper {freeze, rElec
                  | rN+ Will-}
 10826 | Elf:3    | Identified the ring "Lepp" {Fire ^Contam rPois Will- Int+7}
 10867 | Elf:3    | Identified the +7 sling of Abuse {elec, rC- rN+ Str+5}
 10876 | Elf:3    | Got the Compendium of Ensnaring Gases
 10894 | Elf:3    | Got the Commentary on Hypothermia
 10908 | Elf:3    | Got the Tome of the Jaunt and the Lungs
 10964 | Elf:3    | Learned a level 2 spell: Blink
 10995 | Elf:2    | Reached skill level 15 in Unarmed Combat
 11004 | Elf:2    | Reached skill level 13 in Fighting
 11052 | Elf:1    | Bought a potion of invisibility for 136 gold pieces
 11052 | Elf:1    | Bought a potion of might for 68 gold pieces
 11052 | Elf:1    | Bought a potion of heal wounds for 85 gold pieces
 11052 | Elf:1    | Bought a potion of curing for 51 gold pieces
 11052 | Elf:1    | Bought a potion of curing for 51 gold pieces
 11052 | Elf:1    | Bought a potion of curing for 51 gold pieces
 11052 | Elf:1    | Bought a potion of curing for 51 gold pieces
 11059 | Elf:1    | Bought a scroll of fog for 104 gold pieces
 11059 | Elf:1    | Bought a potion of might for 104 gold pieces
 11196 | D:10     | Found Xoxoshro's Antique Weapon Shop.
 11311 | Slime:1  | Entered Level 1 of the Pits of Slime
 11317 | Slime:1  | Reached skill level 1 in Fire Magic
 11452 | Slime:5  | Entered Level 5 of the Pits of Slime
 11533 | Slime:5  | Found a viscous altar of Jiyva.
 11534 | Slime:5  | Noticed the Royal Jelly
 11540 | Slime:5  | Reached XP level 20. HP: 124/124 MP: 33/33
 11614 | Slime:5  | Reached skill level 10 in Summonings
 11712 | Slime:5  | Reached skill level 5 in Fire Magic
 11836 | Slime:5  | Killed the Royal Jelly
 11871 | Slime:5  | Identified the +2 buckler "Xuixieh" {Int+4}
 11884 | Slime:5  | Identified the ring "Lirchil" {rF+ rN+ rCorr MP-9 Str+5
                  | Int+6}
 11888 | Slime:5  | Identified the ring "Mapat" {Fly rElec rC+}
 11914 | Slime:5  | Got a slimy rune of Zot
 12063 | Snake:3  | Bought a Necronomicon for 756 gold pieces
 12346 | D:14     | Found a gate to the Vaults.
 12352 | Vaults:1 | Entered Level 1 of the Vaults
 12436 | Vaults:2 | Found a magical portal.
 12445 | WizLab   | Entered Wucad Mu's Monastery
 12574 | Vaults:3 | Reached skill level 14 in Fighting
 12597 | Vaults:3 | Found a staircase to the Crypt.
 12597 | Vaults:3 | Found a basalt altar of Yredelemnul.
 12597 | Vaults:3 | Found an ancient bone altar of Kikubaaqudgha.
 12608 | Vaults:3 | You are sucked into a shaft and drop 1 floor!
 12662 | Vaults:4 | Identified the ring "Mout" {rF+ Dex+2}
 12714 | Vaults:4 | Reached XP level 21. HP: 128/132 MP: 18/35
 12890 | Vaults:5 | Entered Level 5 of the Vaults
 12918 | Vaults:5 | Noticed an ancient lich
 12922 | Vaults:5 | Killed an ancient lich
 12929 | Vaults:5 | Reached skill level 10 in Spellcasting
 12989 | Vaults:5 | Identified the staff of Hufyizes {^Drain rPois rC++ Int+6
                  | Dex-5 Alchemy}
 13163 | Vaults:5 | Noticed an ancient lich
 13183 | Vaults:5 | Killed an ancient lich
 13191 | Vaults:5 | Identified a scroll of acquirement
 13328 | Vaults:5 | Reached skill level 15 in Summonings
 13329 | Vaults:5 | Noticed a dread lich
 13335 | Vaults:5 | Killed a dread lich
 13340 | Vaults:5 | Reached XP level 22. HP: 137/137 MP: 4/38
 13493 | Vaults:5 | Acquired a ring of willpower
 13494 | Vaults:5 | Got a silver rune of Zot
 13494 | Vaults:5 | Got a shining gem with 1448 turns to spare
 13552 | Vaults:4 | Found a glowing golden altar of the Shining One.
 13606 | Crypt:1  | Entered Level 1 of the Crypt
 13647 | Crypt:1  | HP: 6/178 [bone dragon[a doom hound] (3)]
 13856 | Crypt:3  | Entered Level 3 of the Crypt
 13939 | Crypt:3  | Found a basalt altar of Yredelemnul.
 14055 | Crypt:3  | Acquired the +0 hat of Recklessness {rN+ SInv Stlth+}
 14073 | Crypt:3  | Noticed a profane servitor
 14093 | Crypt:3  | Killed a profane servitor
 14133 | Crypt:3  | Found a staircase to the Tomb.
 14147 | Crypt:3  | Reached XP level 23. HP: 59/142 MP: 2/42
 14150 | Crypt:3  | Identified the ring "Apterhu" {rN+ Str+3 Dex-2 Slay+5}
 14151 | Crypt:3  | Identified the ring "Ezoagh" {rN+ Will+++ Int-2 Dex+4
                  | Slay+4}
 14236 | Crypt:3  | Got the Textbook on Exhumation
 14247 | Crypt:3  | Learned a level 9 spell: Dragon's Call
 14481 | Crypt:1  | Identified the +6 plate armour "Bael Raf" {Fly rElec Regen+
                  | Stlth-}
 14481 | Crypt:1  | Identified the +0 tower shield of Weirdness {Dex+4}
 14508 | Crypt:1  | Found a basalt altar of Yredelemnul.
 14523 | Crypt:1  | Got Weuniuc's Quarto of Coarse Maleficia
 14683 | Vaults:3 | Reached skill level 15 in Fighting
 14733 | Vaults:2 | Noticed Asterion
 14741 | Vaults:2 | Killed Asterion
 14832 | Vaults:1 | Reached skill level 15 in Spellcasting
 14838 | Vaults:1 | Found a radiant altar of Vehumet.
 14879 | Vaults:1 | Found a runed translucent gate.
 14879 | Vaults:1 | Found a runed translucent gate.
 14879 | Vaults:1 | Found a runed translucent gate.
 14880 | Vaults:1 | Noticed seren's ghost (adept DsNe)
 14881 | Vaults:1 | Identified the +9 glaive "Jitty" {holy, rPois Dex+3}
 14881 | Vaults:1 | Identified the +4 ring mail "Beukawir" {Str+2}
 14882 | Vaults:1 | Found an iron altar of Okawaru.
 14901 | Vaults:1 | Killed seren's ghost
 15036 | D:15     | Reached skill level 16 in Fighting
 15079 | D:15     | Found a staircase to the Depths.
 15089 | D:15     | Got a smoky gem with 2966 turns to spare
 15093 | Depths:1 | Entered Level 1 of the Depths
 15101 | Depths:1 | Learned a level 6 spell: Plasma Beam
 15109 | Depths:1 | Learned a level 7 spell: Spellforged Servitor
 15123 | Depths:1 | Found a gateway to Hell.
 15133 | Depths:1 | Reached skill level 10 in Air Magic
 15139 | Depths:1 | Found a one-way gateway to a ziggurat.
 15159 | Zig:1    | Entered Level 1 of a ziggurat
 15179 | Zig:2    | Entered Level 2 of a ziggurat
 15186 | Zig:2    | Identified the +9 short sword "Xiahokou" {drain, *Noise rC+
                  | Int+6 Dex+2}
 15188 | Zig:3    | Entered Level 3 of a ziggurat
 15207 | Zig:4    | Entered Level 4 of a ziggurat
 15223 | Zig:4    | Reached XP level 24. HP: 132/153 MP: 11/43
 15245 | Zig:5    | Entered Level 5 of a ziggurat
 15262 | Zig:6    | Entered Level 6 of a ziggurat
 15309 | Zig:7    | Entered Level 7 of a ziggurat
 15367 | Depths:1 | Noticed a juggernaut
 15378 | Depths:1 | Killed a juggernaut
 15408 | Depths:1 | Reached skill level 17 in Fighting
 15465 | Depths:1 | Identified the +3 robe of Optimism {-Tele rF+ rN+ rCorr}
 15535 | Depths:1 | Reached skill level 1 in Necromancy
 15540 | Depths:1 | Identified the amulet "Irroduof" {RegenMP ^Fragile rF+
                  | Int+2 Dex+3}
 15625 | Depths:1 | Found a one-way gate leading to the halls of Pandemonium.
 15640 | Depths:1 | Learned a level 5 spell: Borgnjor's Vile Clutch
 15641 | Pan      | Entered Pandemonium
 15688 | Pan      | Noticed Pibuiril the pandemonium lord
 15916 | Pan      | Entered the realm of Cerebov.
 15944 | Pan      | Identified the +1 leather armour of the Heavens {rPois
                  | rCorr Int+2}
 15970 | Pan      | Identified the +3 morningstar of Veusaol {freeze, Str+3
                  | Dex-3 SInv}
 16004 | Pan      | Reached skill level 5 in Necromancy
 16101 | Pan      | Found the +6 sword of Cerebov {flame}
 16101 | Pan      | Noticed Cerebov
 16205 | Pan      | Got a fiery rune of Zot
 16326 | Pan      | Reached skill level 5 in Evocations
 16326 | Pan      | Reached XP level 25. HP: 160/160 MP: 25/43
 16437 | Pan      | Noticed Ignacio
 16488 | Pan      | Noticed Mennas
 16501 | Pan      | Killed Mennas
 16507 | Pan      | Gained mutation: You are clumsy. (Dex -2) [a cacodemon]
 16684 | Pan      | Noticed Guvvuan the pandemonium lord
 16748 | Pan      | Gained mutation: Your body sometimes deteriorates upon
                  | taking damage. [a neqoxec]
 16804 | Pan      | Found the +6 sword of Cerebov {flame}
 16804 | Pan      | Noticed Cerebov
 16973 | Pan      | Noticed Faoplal the pandemonium lord
 17013 | Pan      | Found the +6 sword of Cerebov {flame}
 17013 | Pan      | Noticed Cerebov
 17032 | Pan      | Gained mutation: You are dopey. (Int -2) [a cacodemon]
 17038 | Pan      | Identified the +8 dagger "Jaokon" {heavy, rF- rN++ Str-4
                  | Stlth+}
 17041 | Pan      | Gained mutation: You are frail. (-10% HP) [a cacodemon]
 17133 | Pan      | Reached skill level 10 in Necromancy
 17210 | Pan      | Entered the realm of Lom Lobon.
 17365 | Pan      | Acquired 922 gold pieces
 17653 | Pan      | Noticed Lom Lobon
 17660 | Pan      | Got a magical rune of Zot
 17699 | Pan      | Lost mutation: You are frail. (-10% HP) [potion of
                  | mutation]
 17699 | Pan      | Lost mutation: Your body sometimes deteriorates upon taking
                  | damage. [potion of mutation]
 17699 | Pan      | Lost mutation: You are weak. (Str -2) [potion of mutation]
 17699 | Pan      | Gained mutation: You passively map a small area around you.
                  | [potion of mutation]
 17699 | Pan      | Gained mutation: You are occasionally teleported next to
                  | monsters. [potion of mutation]
 17700 | Pan      | Lost mutation: You are occasionally teleported next to
                  | monsters. [potion of mutation]
 17700 | Pan      | Lost mutation: You passively map a small area around you.
                  | [potion of mutation]
 17700 | Pan      | Lost mutation: You are dopey. (Int -2) [potion of mutation]
 17700 | Pan      | Gained mutation: You expend magic power (3 MP) to
                  | strengthen your wands. [potion of mutation]
 17758 | Pan      | Reached XP level 26. HP: 107/166 MP: 6/44
 17826 | Pan      | Noticed Okhluacu the pandemonium lord
 17827 | Pan      | Got a demonic rune of Zot
 17881 | Pan      | Found an exit through the horrors of the Abyss.
 18025 | Pan      | Entered the realm of Mnoleg.
 18080 | Pan      | Gained mutation: Your muscles are strong. (Str +4, Int/Dex
                  | -1) [a neqoxec]
 18118 | Pan      | Gained mutation: Your body sometimes deteriorates upon
                  | taking damage. [a cacodemon]
 18121 | Pan      | Gained mutation: You do not regenerate when monsters are
                  | visible. [a cacodemon]
 18150 | Pan      | Paralysed by accursed screaming for 1 turns
 18208 | Pan      | Noticed Lom Lobon
 18216 | Pan      | Lost mutation: You do not regenerate when monsters are
                  | visible. [potion of mutation]
 18216 | Pan      | Lost mutation: You are clumsy. (Dex -2) [potion of
                  | mutation]
 18216 | Pan      | Lost mutation: Your muscles are strong. (Str +4, Int/Dex
                  | -1) [potion of mutation]
 18216 | Pan      | Gained mutation: You have sharp fingernails. [potion of
                  | mutation]
 18216 | Pan      | Gained mutation: You are dopey. (Int -2) [potion of
                  | mutation]
 18216 | Pan      | Gained mutation: Your spells are a little easier to cast,
                  | but a little less powerful. [potion of mutation]
 18228 | Pan      | Gained mutation: Potions are less effective at restoring
                  | your health. [a cacodemon]
 18505 | Pan      | Killed Lom Lobon
 18507 | Pan      | Noticed Mnoleg
 18517 | Pan      | Killed Mnoleg
 18557 | Pan      | Got a glowing rune of Zot
 18621 | Pan      | Lost mutation: Your body sometimes deteriorates upon taking
                  | damage. [potion of mutation]
 18621 | Pan      | Lost mutation: Your spells are a little easier to cast, but
                  | a little less powerful. [potion of mutation]
 18621 | Pan      | Gained mutation: Your muscles are strong. (Str +4, Int/Dex
                  | -1) [potion of mutation]
 18622 | Pan      | Lost mutation: Your muscles are strong. (Str +4, Int/Dex
                  | -1) [potion of mutation]
 18622 | Pan      | Lost mutation: Potions are less effective at restoring your
                  | health. [potion of mutation]
 18622 | Pan      | Lost mutation: You expend magic power (3 MP) to strengthen
                  | your wands. [potion of mutation]
 18622 | Pan      | Gained mutation: You expend magic power (3 MP) to
                  | strengthen your wands. [potion of mutation]
 18632 | Pan      | Learned a level 8 spell: Borgnjor's Revivification
 18803 | Pan      | Found a runed translucent door.
 18846 | Pan      | Entered the realm of Gloorx Vloq.
 18920 | Pan      | Noticed Gloorx Vloq
 18926 | Pan      | Killed Gloorx Vloq
 18927 | Pan      | Reached skill level 15 in Necromancy
 18931 | Pan      | Got a dark rune of Zot
 18959 | Pan      | Reached XP level 27. HP: 171/171 MP: 36/46
 19014 | Pan      | Noticed Juadet the pandemonium lord
 19224 | Pan      | Found an exit through the horrors of the Abyss.
 19233 | Pan      | Took an exit into the Abyss.
 19233 | Abyss:3  | Escaped into the Abyss
 19236 | Depths:1 | Escaped the Abyss
 19256 | Depths:1 | You are sucked into a shaft and drop 1 floor!
 19386 | Depths:2 | Identified the ring of Disaster {Fly rElec Will+ Dex+4}
 19391 | Depths:2 | Identified the amulet of Eternal Harmony {Acrobat Will-
                  | rCorr Int+5}
 19393 | Depths:2 | Identified the amulet of Joy {Reflect Slay+3 SH+5}
 19407 | Depths:2 | Identified the amulet of Kedorial {rPois Regen+ Int+3}
 19414 | Depths:2 | Reached skill level 18 in Fighting
 19474 | Depths:2 | Learned a level 8 spell: Infestation
 19540 | Depths:3 | Noticed Sojobo
 19546 | Depths:3 | Killed Sojobo
 19695 | Depths:3 | Reached skill level 19 in Fighting
 19703 | Depths:3 | Identified the +3 great sword of Embarrassment {spect, rN+}
 19751 | Depths:3 | Reached skill level 20 in Fighting
 19791 | Depths:3 | Noticed a juggernaut
 19794 | Depths:3 | Killed a juggernaut
 19964 | Depths:3 | Reached skill level 21 in Fighting
 19973 | Depths:3 | Found a radiant altar of Vehumet.
 19980 | Depths:4 | Entered Level 4 of the Depths
 19995 | Depths:3 | Found a one-way gate to the infinite horrors of the Abyss.
 20027 | Depths:4 | Found a flickering gateway to a bazaar.
 20038 | Bazaar   | Entered a bazaar
 20038 | Bazaar   | Found Tuxifuf's Assorted Antiques.
 20041 | Bazaar   | Found Fauna's Jewellery Shoppe.
 20043 | Bazaar   | Bought a scroll of revelation for 202 gold pieces
 20043 | Bazaar   | Bought a potion of brilliance for 108 gold pieces
 20043 | Bazaar   | Bought a scroll of amnesia for 108 gold pieces
 20044 | Bazaar   | Found Odil's Armour Emporium.
 20046 | Bazaar   | Bought the amulet of Vitality {RegenMP++ Regen++} for 1300
                  | gold pieces
 20046 | Bazaar   | Found the amulet of Vitality {RegenMP++ Regen++}
 20062 | Bazaar   | Found Faoru's Assorted Antiques.
 20069 | Bazaar   | Found Soifan's Assorted Antiques.
 20070 | Bazaar   | Bought a scroll of teleportation for 63 gold pieces
 20070 | Bazaar   | Bought a potion of curing for 63 gold pieces
 20074 | Bazaar   | Bought a scroll of fog for 68 gold pieces
 20074 | Bazaar   | Bought a potion of curing for 51 gold pieces
 20197 | Hell     | Entered the Vestibule of Hell
 20197 | Hell     | Noticed Geryon
 20200 | Hell     | Killed Geryon
 20230 | Hell     | Reached skill level 22 in Fighting
 20272 | Hell     | Found a gateway to the Iron City of Dis.
 20304 | Dis:1    | Entered Level 1 of the Iron City of Dis
 20466 | Dis:2    | Reached skill level 10 in Invocations
 20812 | Dis:3    | Learned a level 9 spell: Death's Door
 20860 | Dis:7    | Entered Level 7 of the Iron City of Dis
 21181 | Dis:7    | Noticed Dispater
 21181 | Dis:7    | Noticed a juggernaut
 21210 | Dis:7    | Killed Dispater
 21224 | Dis:7    | Got an iron rune of Zot
 21332 | Hell     | Found a gateway to the ashen valley of Gehenna.
 21341 | Geh:1    | Entered Level 1 of Gehenna
 21420 | Geh:3    | You are sucked into a shaft and drop 3 floors!
 21471 | Geh:7    | Entered Level 7 of Gehenna
 21619 | Geh:7    | Noticed the Serpent of Hell
 21628 | Geh:7    | Killed the Serpent of Hell
 21678 | Geh:7    | Identified the +10 broad axe "Demonslayer" {spect, rElec
                  | Str+2 Int+2}
 21734 | Geh:7    | Found the +13 sceptre of Asmodeus
 21734 | Geh:7    | Noticed Asmodeus
 21739 | Geh:7    | Identified the ring "Sysm" {rC+ Int+4}
 21747 | Geh:7    | Upgraded the game from 0.32-a0-119-g2e8054a333 to
                  | 0.32-a0-131-g9dbbe29261
 21775 | Geh:7    | Killed Asmodeus
 21822 | Geh:7    | Got an obsidian rune of Zot
 21937 | Hell     | Found a gateway to the decaying netherworld of Tartarus.
 21944 | Tar:1    | Entered Level 1 of Tartarus
 21957 | Tar:1    | Reached skill level 10 in Stealth
 22020 | Tar:2    | Learned a level 2 spell: Lesser Beckoning
 22024 | Tar:2    | Learned a level 3 spell: Passwall
 22291 | Tar:4    | Reached skill level 10 in Fire Magic
 22359 | Tar:5    | Found a corrupted altar of Lugonu.
 22455 | Tar:7    | Entered Level 7 of Tartarus
 22482 | Tar:7    | Identified the staff of Eternal Vigilance {rN+ Str+2 Int+4
                  | Necro}
 22528 | Tar:7    | Noticed an ancient lich
 22534 | Tar:7    | Killed an ancient lich
 22585 | Tar:7    | Noticed an ancient lich
 22592 | Tar:7    | Killed an ancient lich
 22643 | Tar:7    | Noticed Ereshkigal
 22745 | Tar:7    | Paralysed by Ereshkigal for 5 turns
 22753 | Tar:7    | Killed Ereshkigal
 22761 | Tar:7    | Reached skill level 15 in Fire Magic
 22824 | Tar:7    | Found the amulet of the Four Winds {rN+ Will+++ Clar}
 22835 | Tar:7    | Got a bone rune of Zot
 22888 | Hell     | Found a gateway to the freezing wastes of Cocytus.
 22896 | Coc:1    | Entered Level 1 of Cocytus
 22929 | Coc:1    | Learned a level 8 spell: Ignition
 23050 | Coc:3    | You are sucked into a shaft and drop 1 floor!
 23069 | Coc:4    | Noticed a dread lich
 23091 | Coc:4    | Killed a dread lich
 23165 | Coc:7    | Entered Level 7 of Cocytus
 23351 | Coc:5    | Noticed an ancient lich
 23355 | Coc:5    | Killed an ancient lich
 23388 | Coc:6    | Learned a level 3 spell: Passwall
 23788 | Coc:7    | Noticed Antaeus
 23799 | Coc:7    | Killed Antaeus
 23809 | Coc:7    | Got an icy rune of Zot
 24100 | Tomb:1   | Entered Level 1 of the Tomb of the Ancients
 24105 | Tomb:1   | Paralysed by a sphinx for 4 turns
 24110 | Tomb:1   | Reached skill level 23 in Fighting
 24121 | Tomb:1   | Noticed a royal mummy
 24123 | Tomb:1   | Killed a royal mummy
 24127 | Tomb:1   | Reached skill level 15 in Dodging
 24143 | Tomb:1   | Noticed a royal mummy
 24150 | Tomb:1   | Noticed a royal mummy
 24150 | Tomb:1   | Killed a royal mummy
 24223 | Tomb:1   | Killed a royal mummy
 24304 | Tomb:2   | Noticed a royal mummy
 24304 | Tomb:2   | Noticed a royal mummy
 24304 | Tomb:2   | Noticed a royal mummy
 24304 | Tomb:2   | Noticed a royal mummy
 24308 | Tomb:2   | Killed a royal mummy
 24308 | Tomb:2   | Killed a royal mummy
 24310 | Tomb:2   | Killed a royal mummy
 24310 | Tomb:2   | Killed a royal mummy
 24519 | Tomb:1   | Noticed a royal mummy
 24525 | Tomb:1   | Killed a royal mummy
 24527 | Tomb:1   | Noticed a royal mummy
 24532 | Tomb:1   | Killed a royal mummy
 24539 | Tomb:1   | Noticed a royal mummy
 24540 | Tomb:1   | Killed a royal mummy
 24551 | Tomb:1   | Noticed a royal mummy
 24558 | Tomb:1   | Killed a royal mummy
 24562 | Tomb:1   | Noticed a royal mummy
 24566 | Tomb:1   | Killed a royal mummy
 24574 | Tomb:1   | Noticed a royal mummy
 24578 | Tomb:1   | Killed a royal mummy
 24642 | Tomb:1   | Noticed a royal mummy
 24652 | Tomb:1   | Killed a royal mummy
 24654 | Tomb:1   | Noticed a royal mummy
 24657 | Tomb:1   | Killed a royal mummy
 24676 | Tomb:1   | Noticed a royal mummy
 24679 | Tomb:1   | Killed a royal mummy
 24723 | Tomb:2   | Noticed Boris
 24727 | Tomb:2   | Killed Boris
 24783 | Tomb:3   | Entered Level 3 of the Tomb of the Ancients
 24783 | Tomb:3   | Noticed Boris
 24789 | Tomb:3   | Noticed a royal mummy
 24789 | Tomb:3   | Noticed a royal mummy
 24791 | Tomb:3   | Reached skill level 24 in Fighting
 24791 | Tomb:3   | Noticed a royal mummy
 24792 | Tomb:3   | Reached skill level 10 in Evocations
 24793 | Tomb:3   | Noticed a royal mummy
 24794 | Tomb:3   | Killed a royal mummy
 24794 | Tomb:3   | Killed a royal mummy
 24795 | Tomb:3   | Killed a royal mummy
 24795 | Tomb:3   | Noticed a royal mummy
 24796 | Tomb:3   | Killed a royal mummy
 24797 | Tomb:3   | Noticed a royal mummy
 24797 | Tomb:3   | Identified the ring "Umofod" {rCorr Str+6 Dex+5 Slay-4}
 24800 | Tomb:3   | Killed a royal mummy
 24802 | Tomb:3   | Killed a royal mummy
 24805 | Tomb:3   | HP: 9/213 [ushabti] (5)]
 24807 | Tomb:3   | Noticed a royal mummy
 24810 | Tomb:3   | Killed Boris
 24811 | Tomb:3   | Noticed a royal mummy
 24811 | Tomb:3   | Killed a royal mummy
 24815 | Tomb:3   | Killed a royal mummy
 24836 | Tomb:3   | Got a sanguine gem with 99 turns to spare
 24837 | Tomb:3   | Noticed a royal mummy
 24839 | Tomb:3   | Killed a royal mummy
 24862 | Tomb:3   | Found the +3 pair of gauntlets of War {Slay+5}
 24865 | Tomb:3   | Found the +3 greatsling "Punk" {acid, rCorr}
 24875 | Tomb:3   | Identified the -1 helmet of Purpose {rC+ Will+}
 24877 | Tomb:3   | Identified the ring of Poimafae {rElec Will+ Int+4}
 24912 | Tomb:3   | Got a golden rune of Zot
 25237 | Depths:4 | Found a gate to the Realm of Zot.
 25246 | Zot:1    | Entered Level 1 of the Realm of Zot
 25516 | Zot:2    | Reached skill level 5 in Alchemy
 25579 | Zot:3    | Reached skill level 10 in Conjurations
 25617 | Zot:4    | Noticed an orb of fire
 25660 | Zot:4    | Reached skill level 25 in Fighting
 25698 | Zot:4    | Noticed a dread lich
 25699 | Zot:4    | Noticed a dread lich
 25704 | Zot:4    | Noticed a dread lich
 25704 | Zot:4    | Noticed a dread lich
 25707 | Zot:4    | Noticed a dread lich
 25707 | Zot:4    | Paralysed by a dread lich for 4 turns
 25708 | Zot:4    | Noticed a dread lich
 25725 | Zot:4    | Killed a dread lich
 25727 | Zot:4    | Killed a dread lich
 25755 | Zot:4    | Killed a dread lich
 25773 | Zot:4    | Killed a dread lich
 25776 | Zot:4    | Killed a dread lich
 25783 | Zot:4    | Killed a dread lich
 25815 | Zot:5    | Entered Level 5 of the Realm of Zot
 25921 | Zot:5    | Noticed an ancient lich
 25922 | Zot:5    | Killed an ancient lich
 25931 | Zot:5    | Noticed an ancient lich
 25939 | Zot:5    | Killed an ancient lich
 25940 | Zot:5    | Noticed an orb of fire
 25940 | Zot:5    | Gained mutation: Your body sometimes deteriorates upon
                  | taking damage. [an orb of fire]
 25948 | Zot:5    | Killed an orb of fire
 25951 | Zot:5    | Noticed an ancient lich
 25954 | Zot:5    | Noticed a dread lich
 25956 | Zot:5    | Noticed a dread lich
 25956 | Zot:5    | Killed an ancient lich
 25958 | Zot:5    | Noticed an ancient lich
 25959 | Zot:5    | Noticed an ancient lich
 25959 | Zot:5    | Killed a dread lich
 25960 | Zot:5    | Killed an ancient lich
 25961 | Zot:5    | Reached skill level 10 in Alchemy
 25961 | Zot:5    | Killed a dread lich
 25967 | Zot:5    | Reached skill level 26 in Fighting
 25967 | Zot:5    | Killed an ancient lich
 25973 | Zot:5    | Reached skill level 15 in Shields
 25976 | Zot:5    | Noticed an orb of fire
 25986 | Zot:5    | Gained mutation: You are clumsy. (Dex -2) [an orb of fire]
 25987 | Zot:5    | Killed an orb of fire
 25989 | Zot:5    | Lost mutation: You are clumsy. (Dex -2) [potion of
                  | mutation]
 25989 | Zot:5    | Lost mutation: Your body sometimes deteriorates upon taking
                  | damage. [potion of mutation]
 25989 | Zot:5    | Gained mutation: You are partially covered in iridescent
                  | scales. (AC +2) [potion of mutation]
 25989 | Zot:5    | Gained mutation: You occasionally shout uncontrollably at
                  | your foes. [potion of mutation]
 25990 | Zot:5    | Lost mutation: You occasionally shout uncontrollably at
                  | your foes. [potion of mutation]
 25990 | Zot:5    | Lost mutation: You expend magic power (3 MP) to strengthen
                  | your wands. [potion of mutation]
 25990 | Zot:5    | Gained mutation: You have a somewhat thin skeletal
                  | structure. (Dex +2, Stealth+) [potion of mutation]
 25990 | Zot:5    | Gained mutation: You are very dopey. (Int -4) [potion of
                  | mutation]
 25990 | Zot:5    | Gained mutation: You are covered in fur. (AC +1) [potion of
                  | mutation]
 26016 | Zot:5    | Noticed a dread lich
 26018 | Zot:5    | Noticed a dread lich
 26019 | Zot:5    | Killed a dread lich
 26022 | Zot:5    | Killed a dread lich
 26026 | Zot:5    | Noticed a dread lich
 26027 | Zot:5    | Noticed a dread lich
 26035 | Zot:5    | Got the Orb of Zot
 26152 | Depths:4 | Noticed Boris
 26156 | Depths:4 | Killed Boris
 26264 | D:13     | Found Sacoosomp's Assorted Antiques.
 26269 | D:13     | Bought a potion of heal wounds for 90 gold pieces
 26269 | D:13     | Bought a viscous inky potion for 16 gold pieces
 26269 | D:13     | Bought a potion of ambrosia for 144 gold pieces
 26348 | D:8      | Noticed Qeiss the pandemonium lord
 26418 | D:$      | Escaped with the Orb!

Illustrated notes

Levels and vault maps discovered:
D:1:      onia_arrival_zoo_common, layout_rooms
D:2:      layout_basic, serial_shops, nicolae_shop_bloodbath_and_beyond,
          uniq_jessica
D:3:      layout_loops_cross, nicolae_the_louvre
D:4:      layout_cave_pods
D:5:      minmay_chambers_of_fours, layout_loops_corners,
          minmay_temple_entry_mist, mainiacjoe_ossuary_entry_dusty_tomb,
          lemuel_flame_loot_1
D:6:      layout_rooms
D:7:      layout_rooms, chequers_temple_overflow_statue_of_worship,
          serial_shops, nicolae_square_shop, hangedman_decor_slide_cut
D:8:      layout_basic, nemelex_diamond_rough_becter, serial_shops,
          nicolae_shop_just_a_little_nook
D:9:      layout_loops_corners, minmay_orc_entry_guard_dogs,
          supply_closet_lemuel
D:10:     layout_roguey, david_lair_generic, serial_shops,
          nicolae_shop_window_shopping, hangedman_decor_riveting
D:11:     layout_cave_pools
D:12:     layout_cave_pods, pdpol_wu_jian_five_deadly_venoms
D:13:     layout_basic, serial_shops, nicolae_shop_overgrown_old_shop,
          hangedman_parallel_progression, uniq_snorg
D:14:     layout_roguey, ximxim_vaults_locker_room, minmay_strange_pillars,
          doesnt_xom_only_xom
D:15:     gammafunk_enter_depths_forms, layout_cave_pools, okawaru_trees_1,
          serial_shops, nicolae_shop_tiny_glass
Temple:   mainiacjoe_temple_bowtie_tessellation
Lair:1:   layout_roguey, lemuel_fruit_tree
Lair:2:   layout_small_grid, skrybe_swamp_entry_bodies
Lair:3:   layout_cave_shapes, minmay_snake_entry_guardpost_small,
          lemuel_fruit_fields
Lair:4:   layout_hall_layers, nicolae_quartered_pool_little,
          infiniplex_staircase_pool_2, grunt_megastairs_4, serial_bayou_shore_a
Lair:5:   wormcave, layout_loops_ring, minmay_slime_entry_pillars, ice2_lemuel,
          grunt_megastairs_3
Swamp:1:  layout_basic_swamp, evilmike_swamp_ruin_rubble_1
Swamp:2:  layout_basic_swamp, evilmike_swamp_ruin_house_3,
          infiniplex_staircase_pool, uniq_mlioglotl, uniq_louise
Swamp:3:  layout_basic_swamp, hangedman_swamp_ruin_wall, uniq_donald
Swamp:4:  swamp_fiery, layout_basic_swamp
Snake:1:  layout_chambers, nicolae_integral_box
Snake:2:  layout_rooms, serial_curves, eino_curves_03, eino_curves_04,
          eino_curves_03
Snake:3:  layout_onion_interference, gammafunk_ghost_split, minmay_shop_grove
Snake:4:  johnstein_snake_rune_scales, layout_layer_cave, special_room,
          ebering_ghost_reflecting_pool, st_stairs_14, grunt_ministairs_9,
          nicolae_shop_unique_rings, nicolae_shop_i_like_big_books,
          nicolae_snake_snake_lake, uniq_vashnia
Slime:1:  layout_caves
Slime:2:  layout_caves, nicolae_slime_phagocytosis
Slime:3:  nicolae_slime_infinislime, layout_caves,
          cheibrodos_slime_lost_civilization_5
Slime:4:  layout_caves
Slime:5:  slime_pit_nicolae_block_by_block
Orc:1:    layout_diamond_mine, uniq_jorgrun, uniq_fannar
Orc:2:    kennysheep_orc_mage_school, layout_caves, uniq_azrael
Elf:1:    elf_arrival_002, layout_gridlike, nicolae_elf_shapeshifter_party,
          grunt_ministairs_15, minmay_shop_star, uniq_norris, uniq_aizul
Elf:2:    elven_hall_of_blades_hangedman_original
          [nicolae_blade_entry_crossed_weapons], layout_onion_city,
          serial_shops, nicolae_shop_peninsula
Elf:3:    minmay_elf_hall_not_hex, layout_onion_city, st_stairs_9,
          amcnicky_mini_pool_small, serial_sigils_hangedman_gnaw
Vaults:1: gammafunk_ghost_fury_of_okawaru, nicolae_vaults_little_squares_6,
          grunt_tower_of_power, nicolae_vaults_triangles,
          ontoclasm_vaults_misaligned, vaults_room_fours,
          vaults_room_grunt_arrival_ludios, v_misc_32, nicolae_vaults_meiosis,
          nicolae_vaults_big_angled_halls, v_misc_15,
          nicolae_vaults_mini_display_case, nicolae_vaults_diamond_2,
          layout_vaults_maze_bifur, serial_shops, nicolae_shop_real_fake_doors
Vaults:2: mu_enter_wizlab_3, minmay_orc_keep, nicolae_vaults_closet_pinwheel_1,
          ontoclasm_vaults_tryst, hangedman_vaults_corner_blocks,
          nicolae_vaults_diamond_2, v_misc_29, layout_vaults_omnigrid,
          uniq_asterion, uniq_margery
Vaults:3: grunt_vaults_funnel, nicolae_vaults_little_squares_1,
          hangedman_vaults_unwind, ontoclasm_vaults_ring_large,
          nicolae_vaults_house_3, v_alt_pattern_6, st_smaller_cells,
          ontoclasm_vaults_loading_screen, layout_vaults_chaotic_city,
          minmay_crypt_entry_necro_gods, serial_shops, shop, uniq_frederick
Vaults:4: vaults_room_fancy_cross, lemuel_angel_altar, hangedman_vaults_slice,
          nicolae_vaults_offset_grid_hallway_2, ontoclasm_vaults_claustrophobia,
          nicolae_vaults_shrinking_rooms_1,
          vaults_standard_mumra_enter_the_diamond, grunt_vaults_twisty,
          nicolae_vaults_stepped_doors, nicolae_vaults_heist,
          nicolae_vaults_trapezoid_2, nicolae_vaults_rhombus_5,
          vaults_mumra_chevron, layout_vaults_big_cross, serial_shops,
          statue_bzr
Vaults:5: serial_shops
Crypt:1:  lemuel_vampire_tower, layout_gridlike
Crypt:2:  layout_rooms, roderic_lattice_octagonal_star
Crypt:3:  grunt_crypt_end_deaths_head
Tomb:1
Tomb:2:   uniq_boris
Tomb:3
Depths:1: little_maze_vault, layout_basic, enter_ziggurat_d,
          grunt_mini_vestibule, nicolae_abyss_entry_one_way_or_another,
          rand_demon_pan_entry_5, dilly_guarded_unrand_elemental_staff
Depths:2: minmay_the_grid_triangle_9x9_recursive_3_mashed
          [minmay_the_grid_triangle_9x9_skeleton,
          minmay_the_grid_triangle_9x9_sparse_checkered,
          minmay_the_grid_triangle_9x9_checkered,
          minmay_the_grid_triangle_9x9_prize_special,
          minmay_the_grid_triangle_9x9_steps,
          minmay_the_grid_triangle_9x9_cache,
          minmay_the_grid_triangle_9x9_from_above,
          minmay_the_grid_triangle_9x9_dagger,
          minmay_the_grid_triangle_9x9_empty], layout_gridlike,
          rand_demon_pan_entry_4, pf_hell_entry_tar_river, hangedman_glass_teeth
Depths:3: hangedman_box_tower, layout_basic, hell_entry,
          nicolae_vehumet_radiance, abyss_entry_glasseish, uniq_sojobo
Depths:4: grunt_zot_entry_gee_three, layout_gridlike,
          serial_sigils_hangedman_shear, serial_shops, bzr_entry_water,
          grunt_hell_entry_dis_old, dispersion_dpeg
Hell
Dis:1:    nicolae_dis_metal_hellway, layout_jigsaw
Dis:2:    layout_gridville
Dis:3:    layout_jigsaw, hangedman_dis_decor_tower
Dis:4:    layout_gridville, nicolae_dis_strange_trophy_room
Dis:5:    layout_gridville, evilmike_ambush [evilmike_ambush_outer_corners,
          evilmike_ambush_inner_basic]
Dis:6:    layout_subdivisions
Dis:7:    dis_st
Geh:1:    layout_gehenna_pools_triple
Geh:2:    layout_gehenna_pools_triple
Geh:3:    layout_gehenna_lava_caves
Geh:6:    layout_gehenna_pools_basic
Geh:7:    geh_old
Coc:1:    layout_ice_bergs, nicolae_coc_icebean_singular
          [nicolae_sub_coc_subbean]
Coc:2:    nicolae_coc_city_of_iceburg
Coc:3:    layout_cocytus_water_paths, nicolae_hells_seeping_fissure
Coc:4:    layout_cocytus_water_paths
Coc:5:    nicolae_coc_three_mouths, layout_ice_bergs, special_room
          [special_room_morgue]
Coc:6:    layout_ice_bergs, nicolae_coc_statues_of_limitations
Coc:7:    coc_dpeg
Tar:1:    layout_catacombs, nicolae_tar_four_comb_rooms
Tar:2:    layout_grid_maze
Tar:3:    layout_cathedral_of_symmetry
Tar:4:    layout_catacombs
Tar:5:    layout_catacombs, nicolae_tar_cuneiform_three,
          nicolae_tar_cuneiform_bread, amcnicky_altar_lugonu_corruption
Tar:6:    layout_grid_maze
Tar:7:    tar_grunt_cathedral
Zot:1:    layout_gridlike, regret_index_zotdec_dark_gr
Zot:2:    kennysheep_ambush_hall, layout_basic, bh_zot_lava_cross
Zot:3:    lemuel_halls_of_wrath, layout_basic
Zot:4:    hellmonk_paralyzer, layout_basic, regret_index_zotdec_icy_dp
Zot:5:    layout_twisted_circle, grunt_ministairs_15

Skill      XL: |  1  2  3  4  5  6  7  8  9 10 11 12 13 14 15 16 17 18 19 20 21 22 23 24 25 26 27 |
---------------+----------------------------------------------------------------------------------+-----
Unarmed Combat | 4 5 6 7 8 9 11 13 14 15 16 17 18 | 18.0
Fighting       | 4 5 6 7 8 10 11 12 13 14 16 17 26 | 26.0
Shields        | 2 4 6 8 10 11 15 | 15.0
Dodging        | 4 6 7 8 10 12 13 18 | 18.4
Invocations    | 1 4 6 7 9 11 | 11.4
Spellcasting   | 2 4 6 7 8 9 11 14 15 16 18 23 | 23.0
Translocations | 1 4 6 8 |  8.0
Air Magic      | 5 7 8 9 10 11 | 11.0
Shapeshifting  | 8 12 14 15 16 | 16.0
Evocations     | 3 5 6 12 | 12.0
Summonings     | 1 6 9 12 15 18 19 21 23 | 23.0
Conjurations   | 1 8 9 13 | 13.0
Alchemy        | 1 4 13 | 13.0
Stealth        | 5 12 | 12.0
Earth Magic    | 2 3 |  3.0
Hexes          | 2 |  2.0
Fire Magic     | 3 5 6 18 | 18.5
Necromancy     | 7 11 15 23 | 23.0

Action                     |  1- 3 |  4- 6 |  7- 9 | 10-12 | 13-15 | 16-18 | 19-21 | 22-24 | 25-27 || total
---------------------------+-------+-------+-------+-------+-------+-------+-------+-------+-------++-------
  Melee: Unarmed           |    69 |   120 |   235 |   423 |   862 |   837 |   723 |   821 |  1921 ||  6011
         Kick              |    17 |    39 |    99 |   189 |   379 |   308 |   360 |   393 |   974 ||  2758
         Peck              |     6 |    25 |    66 |   119 |   237 |   199 |   214 |   243 |   636 ||  1745
         Staff             |       |       |       |       |       |       |       |       |    24 ||    24
   Cast: Apportation       |       |       |       |       |    17 |    88 |    78 |    70 |    81 ||   334
         Passage of Golubr |       |       |       |       |     1 |    87 |   110 |   106 |   611 ||   915
         Vhi's Electric Ch |       |       |       |       |       |    78 |    54 |   102 |   299 ||   533
         Passwall          |       |       |       |       |       |    19 |    32 |    12 |    31 ||    94
         Summon Forest     |       |       |       |       |       |     5 |    11 |    27 |    65 ||   108
         Summon Cactus Gia |       |       |       |       |       |       |    36 |    22 |       ||    58
         Blink             |       |       |       |       |       |       |     1 |     2 |     4 ||     7
         Irradiate         |       |       |       |       |       |       |    23 |    60 |    59 ||   142
         Spellforged Servi |       |       |       |       |       |       |       |     9 |    10 ||    19
         Dragon's Call     |       |       |       |       |       |       |       |       |    92 ||    92
         Borgnjor's Vile C |       |       |       |       |       |       |       |       |    17 ||    17
         Ignition          |       |       |       |       |       |       |       |       |   109 ||   109
         Infestation       |       |       |       |       |       |       |       |       |    16 ||    16
         Borgnjor's Revivi |       |       |       |       |       |       |       |       |     3 ||     3
         Death's Door      |       |       |       |       |       |       |       |       |     1 ||     1
 Invoke: Slouch            |       |       |       |     8 |    14 |    23 |    16 |    14 |    25 ||   100
         Step From Time    |       |       |       |       |       |       |     4 |     7 |    20 ||    31
  Evoke: Wand              |       |       |     5 |    25 |     3 |       |     3 |     3 |    48 ||    87
         Lightning rod     |       |       |       |       |     3 |     1 |       |       |       ||     4
         Phantom mirror    |       |       |       |       |     1 |     1 |     1 |     1 |     6 ||    10
         Phial of floods   |       |       |       |       |       |       |       |     1 |       ||     1
         Horn of Geryon    |       |       |       |       |       |       |       |       |     2 ||     2
    Use: Potion            |     2 |     2 |     1 |    11 |     3 |     7 |     7 |     7 |    61 ||   101
         Scroll            |       |     9 |     2 |    10 |     6 |    10 |    11 |    15 |    46 ||   109
   Stab: Sleeping          |       |       |       |       |     2 |     2 |       |       |     4 ||     8
         Distracted        |       |       |       |       |       |     1 |     5 |    15 |    99 ||   120
         Petrified         |       |       |       |       |       |       |       |     5 |       ||     5
         Petrifying        |       |       |       |       |       |       |       |     2 |       ||     2
         Held in net/web   |       |       |       |       |       |       |       |       |     2 ||     2
         Betrayed ally     |       |       |       |       |       |       |       |       |     1 ||     1
 Armour: Robe              |    30 |    19 |       |       |       |       |       |       |       ||    49
         Ring mail         |       |    45 |    48 |       |       |       |       |       |       ||    93
         Skin              |       |     2 |       |       |   120 |   395 |   401 |   602 |  1093 ||  2613
         Plate armour      |       |       |    83 |   212 |   245 |    10 |       |       |       ||   550
  Dodge: Dodged            |    73 |    71 |   179 |   118 |   531 |  1147 |   903 |  1652 |  2897 ||  7571
  Block: Tower shield      |       |       |   156 |   434 |   933 |       |       |       |       ||  1523
         Kite shield       |       |       |       |       |   283 |  1085 |   821 |  1327 |  2728 ||  6244
         Reflection        |       |       |       |       |       |       |    25 |    43 |    70 ||   138
   Form: Statue            |       |       |       |       |     1 |     1 |       |       |       ||     2
                           |       |       |       |       |       |     1 |       |       |       ||     1

Table legend: (Time is in decaauts)
 A = Elapsed time spent in this place.
 B = Non-inter-level travel time spent in this place.
 C = Inter-level travel time spent in this place.
 D = Time resting spent in this place.
 E = Time spent auto-exploring this place.
 F = Levels seen in this place.
 G = Mean time per level.
                   A        B        C        D        E       F      G
               +--------+--------+--------+--------+--------+-----+--------+
         Total |  53001 |  51383 |   1618 |      0 |     16 | 120 |  441.7 |
       Dungeon |   6733 |   6093 |    640 |      0 |     16 |  15 |  448.9 |
        Temple |     42 |      3 |     39 |      0 |      0 |   1 |   42.0 |
          Lair |   4179 |   3600 |    579 |      0 |      0 |   5 |  835.8 |
         Swamp |   1105 |   1038 |     67 |      0 |      0 |   4 |  276.2 |
     Snake Pit |   3718 |   3473 |    245 |      0 |      0 |   4 |  929.5 |
    Slime Pits |   1410 |   1410 |      0 |      0 |      0 |   5 |  282.0 |
  Orcish Mines |   1171 |   1171 |      0 |      0 |      0 |   2 |  585.5 |
   Elven Halls |   2520 |   2478 |     42 |      0 |      0 |   3 |  840.0 |
        Vaults |   3764 |   3762 |      2 |      0 |      0 |   5 |  752.8 |
         Crypt |   2199 |   2199 |      0 |      0 |      0 |   3 |  733.0 |
          Tomb |   2006 |   2006 |      0 |      0 |      0 |   3 |  668.7 |
        Depths |   3328 |   3328 |      0 |      0 |      0 |   4 |  832.0 |
          Hell |    666 |    666 |      0 |      0 |      0 |   1 |  666.0 |
           Dis |   2049 |   2049 |      0 |      0 |      0 |   7 |  292.7 |
       Gehenna |   1306 |   1306 |      0 |      0 |      0 |   5 |  261.2 |
       Cocytus |   2182 |   2182 |      0 |      0 |      0 |   7 |  311.7 |
      Tartarus |   2041 |   2041 |      0 |      0 |      0 |   7 |  291.6 |
           Zot |   2042 |   2042 |      0 |      0 |      0 |   5 |  408.4 |
         Abyss |   1758 |   1758 |      0 |      0 |      0 |   5 |  351.6 |
   Pandemonium |   8044 |   8044 |      0 |      0 |      0 |  19 |  423.4 |
      Ziggurat |    415 |    415 |      0 |      0 |      0 |   7 |   59.3 |
        Bazaar |     91 |     91 |      0 |      0 |      0 |   1 |   91.0 |
       Ossuary |    214 |    214 |      0 |      0 |      0 |   1 |  214.0 |
        Wizlab |      8 |      8 |      0 |      0 |      0 |   1 |    8.0 |
               +--------+--------+--------+--------+--------+-----+--------+

Top non-repeatable levels by time:
   Elf:3: 1351 daAuts
   Coc:7: 1220 daAuts
 Abyss:3: 1215 daAuts
Vaults:5: 1198 daAuts
 Snake:4: 1158 daAuts
  Tomb:1: 1114 daAuts
  Lair:5: 1111 daAuts
 Crypt:3: 1090 daAuts
 Slime:5: 1075 daAuts
   Geh:7: 1002 daAuts
Depths:3: 992 daAuts
  Lair:2: 981 daAuts
   Dis:7: 964 daAuts
Depths:1: 954 daAuts
 Snake:2: 883 daAuts
